 Dungeon Crawl Stone Soup version 0.17-a0-1570-g74b7129 (webtiles) character file.

18855435 glosham the Sorcerer (level 27, 207/207 HPs)
             Began as an Octopode Conjurer on July 13, 2015.
             Was the Champion of Sif Muna.
             Escaped with the Orb
             ... and 15 runes on July 23, 2015!
             The game lasted 1 day 19:29:26 (80644 turns).

glosham the Sorcerer (Octopode Conjurer)       Turns: 80644, Time: 1 , 19:29:26

Health: 207/207    AC: 23    Str: 11    XL:     27
Magic:  61/61      EV: 22    Int: 41    God:    Sif Muna [******]
Gold:   1062       SH:  8    Dex: 14    Spells: 14 memorised, 0 levels left

rFire  + + .     SeeInvis +     a - +9 rapier "Nasosugu" {pain, rElec Int+6}
rCold  + + +     Clarity  .     Z - +3 buckler {AC+3}
rNeg   + + +     SustAt   +     Y - +2 hat of Depression {*Drain Str+4 Int+3}
rPois  ∞         Gourm    .     r - amulet of regeneration
rElec  +         Spirit   .     A - ring "Hucwel" {+Fly rPois rC+ rN++ MR-}
rCorr  .         Warding  .     B - +6 ring of protection
rMut   .         Stasis   .     C - ring of sustain attributes
MR     ++++.                    D - ring of Utaupn {Wiz rF++}
Stlth  +++.......               E - ring of the Many Realms {Wiz Int+3 Slay+5}
                                F - ring of magical power
                                G - ring "Vevauroo" {rElec rN+ MR++ SInv}
                                H - +5 ring of protection

@: lich-form, deflect missiles, incredibly resistant to hostile enchantments,
fairly stealthy
A: almost no armour, amphibious, 8 rings, constrict 8, camouflage 1, breathe
flames 1, cold resistance 1, poison resistance, robust 1, wild magic 2,
gelatinous body 1
a: End Transformation, Channel Energy, Forget Spell, Renounce Religion, Breathe
Fire, Evoke Flight
0: Orb of Zot
}: 15/15 runes: serpentine, barnacled, slimy, silver, golden, iron, obsidian,
icy, bone, abyssal, demonic, glowing, magical, fiery, dark


You escaped.
You worshipped Sif Muna.
Sif Muna was exalted by your worship.
You were not hungry.
You were a lich.
You visited 18 branches of the dungeon, and saw 95 of its levels.
You visited Pandemonium 4 times, and saw 43 of its levels.
You visited the Abyss 2 times.
You visited 1 bazaar.
You visited 1 ziggurat, and saw 11 of its levels.
You also visited: Labyrinth, Trove, Ice Cave, Volcano and Wizlab.

You collected 11261 gold pieces.
You spent 8382 gold pieces at shops.

Inventory:

Hand weapons
 a - the +9 rapier "Nasosugu" (weapon) {pain, rElec Int+6}
   (You found it in a treasure trove)

   In the hands of one skilled in necromantic magic, it inflicts extra damage on
   living creatures.
   It affects your intelligence (+6).
   It insulates you from electricity.
 b - a +9 eudemon blade of holy wrath
Armour
 Y - the +2 hat of Depression (worn) {*Drain Str+4 Int+3}
   (You acquired it on level 13 of the Dungeon)

   It affects your strength (+4).
   It affects your intelligence (+3).
   It causes draining when unequipped.
 Z - a +3 buckler of protection (worn)
Jewellery
 q - an uncursed amulet of stasis
 r - an amulet of regeneration (around mantle)
 v - an uncursed amulet of resist mutation
 w - the amulet of Trog's Approval {Ward +Inv rC+ rN+}
   (You took it off a deep elf death mage on level 3 of the Elven Halls)

   [amulet of warding]

   It may prevent the melee attacks of summoned creatures.
   It protects you from cold.
   It protects you from negative energy.
   It lets you turn invisible.
 x - an uncursed amulet of resist corrosion
 y - the amulet of the Crown {+Rage rF++}
   (You found it on level 5 of the Vaults)

   [amulet of rage]

   It greatly protects you from fire.
   It lets you go berserk.
 z - an uncursed amulet of clarity
 A - the ring "Hucwel" (left tentacle) {+Fly rPois rC+ rN++ MR-}
   (You found it in Pandemonium)

   [ring of protection from cold]

   It protects you from cold.
   It protects you from poison.
   It greatly protects you from negative energy.
   It affects your resistance to hostile enchantments.
   It lets you fly.
 B - a +6 ring of protection (right tentacle)
 C - a ring of sustain attributes (on tentacle)
 D - the ring of Utaupn (on tentacle) {Wiz rF++}
   (You found it on level 7 of Gehenna)

   [ring of wizardry]

   It improves your spell success rate.
   It greatly protects you from fire.
 E - the ring of the Many Realms (on tentacle) {Wiz Int+3 Slay+5}
   (You found it on level 7 of Tartarus)

   [ring of wizardry]

   It improves your spell success rate.
   It affects your intelligence (+3).
   It affects your accuracy and damage with ranged weapons and melee attacks
   (+5).
 F - a ring of magical power (on tentacle)
 G - a ring "Vevauroo" (on tentacle) {rElec rN+ MR++ SInv}
   (You found it in Pandemonium)

   [ring of see invisible]

   It insulates you from electricity.
   It protects you from negative energy.
   It affects your resistance to hostile enchantments.
   It lets you see invisible.
 H - a +5 ring of protection (on tentacle)
 L - an uncursed ring of protection from fire
 N - the amulet of Kuipiewk {Clar MR+ Int-4 Stlth+}
   (You found it on level 6 of the Pits of Slime)

   [amulet of clarity]

   It provides mental clarity.
   It affects your intelligence (-4).
   It affects your resistance to hostile enchantments.
   It makes you more stealthy.
 O - the ring of Ikatzent {*Contam rN+ Int+9 Slay-4}
   (You took it off an angel in Pandemonium)

   [ring of slaying]

   It affects your intelligence (+9).
   It affects your accuracy and damage with ranged weapons and melee attacks
   (-4).
   It protects you from negative energy.
   It causes magical contamination when unequipped.
Magical devices
 f - a wand of teleportation (4)
 g - a wand of disintegration (14)
 h - a wand of digging (19)
 i - a wand of invisibility (6)
Scrolls
 j - 3 scrolls of blinking
 k - 6 scrolls of fog
 l - 8 scrolls of fear
 m - 26 scrolls of remove curse
 n - 10 scrolls of identify
 o - 9 scrolls of recharging
 p - 5 scrolls of immolation
 M - a scroll of holy word
 S - 5 scrolls of enchant armour
 T - 7 scrolls of summoning
Potions
 d - 14 potions of heal wounds
 e - 33 potions of curing
 s - 3 potions of magic
 t - 5 potions of resistance
 u - 6 potions of brilliance
 I - 9 potions of agility
 J - 8 potions of cancellation
 K - 13 potions of flight
 V - 8 potions of cure mutation {!q}
 W - 4 potions of haste
 X - 17 potions of might
Books
 R - Roxanne's Collected Works on the Mutagenic Mountains
   (You took it off Roxanne on level 14 of the Dungeon)

   Spells                             Type                      Level
   a - Sandblast                      Earth                        1
   b - Stoneskin                      Transmutation/Earth          2
   c - Passwall                       Transmutation/Earth          3
   d - Iron Shot                      Conjuration/Earth            6
   e - Statue Form                    Transmutation/Earth          6
Miscellaneous
 Q - 7 phantom mirrors
Comestibles
 c - 11 bread rations


   Skills:
 * Level 15.9 Fighting
 - Level 12.3 Short Blades
 * Level 15.4 Dodging
 * Level 16.9 Stealth
 - Level 5.0 Shields
 - Level 25.4 Spellcasting
 - Level 18.2 Conjurations
 - Level 14.0 Charms
 - Level 11.0 Summonings
 * Level 16.5 Necromancy
 - Level 14.0 Translocations
 - Level 14.0 Transmutations
 - Level 5.0 Air Magic
 - Level 17.1 Earth Magic
 * Level 18.7 Invocations
 - Level 4.1 Evocations


You couldn't memorise any spells.
You knew the following spells:

 Your Spells              Type           Power        Failure   Level  Hunger
a - Apportation           Tloc           ########..   1%          1    N/A
b - Controlled Blink      Tloc           N/A          2%          7    N/A
c - Spellforged Servitor  Conj/Summ      ########..   2%          7    N/A
d - Deflect Missiles      Chrm/Air       ########..   2%          6    N/A
h - Haste                 Chrm           ########     1%          6    N/A
j - Aura of Abjuration    Summ           ########..   1%          5    N/A
m - Sublimation of Blood  Necr           #########.   1%          2    N/A
n - Necromutation         Trmt/Necr      #########.   5%          8    N/A
p - Phase Shift           Tloc           ########..   1%          5    N/A
r - Regeneration          Chrm/Necr      #########.   1%          3    N/A
x - Lehudib's Crystal Sp  Conj/Erth      #########.   2%          8    N/A
z - Shroud of Golubria    Chrm/Tloc      ########..   1%          2    N/A
R - Borgnjor's Revivific  Necr           #########.   4%          8    N/A
Y - Death's Door          Chrm/Necr      #########.   5%          8    N/A

Dungeon Overview and Level Annotations

Branches:
Dungeon (15/15)            Temple (1/1) D:6            Lair (8/8) D:8
 Shoals (4/4) Lair:3        Snake (4/4) Lair:3        Slime (6/6) Lair:6
    Orc (4/4) D:11            Elf (3/3) Orc:3        Vaults (5/5) D:13
  Crypt (3/3) Vaults:3       Tomb (3/3) Crypt:3      Depths (5/5) D:15
   Hell (1/1)                 Dis (7/7) Hell            Geh (7/7) Hell
    Coc (7/7) Hell            Tar (7/7) Hell            Zot (5/5) Depths:5

Altars:
Ashenzari
Cheibriados
Dithmenos
Elyvilon
Fedhas
Gozag
Kikubaaqudgha
Makhleb
Nemelex Xobeh
Okawaru
Qazlal
Ru
Sif Muna
Trog
Vehumet
Xom
Yredelemnul
Zin
The Shining One
Beogh
Jiyva

Shops:
D:7 }(   D:9 }(   D:10 *   D:11 =   D:13 ?   D:14 %   Orc:3 *   Orc:4 [:*(
Shoals:1 *   Shoals:2 [   Snake:2 [![   Vaults:2 [

Portals:
Hell: Depths:1 Depths:2 Depths:3 Depths:4 Depths:5
Abyss: Depths:2 Depths:4
Pandemonium: Depths:3

Annotations:
Depths:4 1 runed door
Dis:7 Dispater
Geh:7 Asmodeus
Tar:7 Ereshkigal


Innate Abilities, Weirdness & Mutations

You cannot wear most types of armour.
You are amphibious.
You can wear up to eight rings at the same time.
You can use your tentacles to constrict eight enemies at once.
Your skin changes colour to match your surroundings (Stealth).
Your rubbery body absorbs attacks (AC +1).
You can breathe flames.
Your flesh is cold resistant.
Your system is resistant to poisons.
You are robust (+10% HP).
Your spells are harder to cast, but more powerful.


Message History

You see here a stone.
Magic restored.
You see here an enchanted dagger.
There is an escape hatch in the ceiling here.
A mysterious force pulls you upwards. The hatch slams shut behind you.
There is a stone staircase leading up here.
You climb upwards.
There is a stone staircase leading down here.
There is a stone staircase leading up here.
You climb upwards.
There is a stone staircase leading down here.
There is an open door here.
Your transformation is almost over.
Casting: Lehudib's Crystal Spear
Confirm with . or Enter, or press ? or * to list all spells.
You feel a surge of power!
You extend your transformation's duration.
Use which ability? (? or * to list)
You channel some magical energy.
Use which ability? (? or * to list)
You channel some magical energy.
(D) Dungeon (T) Temple (L) Lair (A) Shoals (P) Snake Pit (M) Slime Pits (O) Orcish Mines (E) Elven Halls (V) Vaults (C) Crypt (W) Tomb (U) Depths (H) Hell (I) Dis (G) Gehenna (X) Cocytus (Y) Tartarus (Z) Zot
Where to? (* - list waypoints, Enter - D:2 @ (x,y), ? - help) Magic restored.
There is a stone staircase leading up here.
You climb upwards.
There is a stone staircase leading down here.
There is a stone staircase leading up here.
You climb upwards.
There is a stone staircase leading down here.
Evoke which item? (* to show all) (? for menu, Esc to quit)
Zapping:
h - a wand of digging (20)
Press: ? - help, Shift-Dir - straight line, f - you The rock shatters into small pieces.
This wand has 19 charges left.
There is a staircase leading out of the dungeon here.
You have escaped!

###### #...# #.# #.# .....#
#######.# #.# #.# ####.#
#.......# #.# ####.#### # #####
#.......# #.# #........
####...######....###.####.##...##
.##.###.##..######........#..#.#
####.###.#.#.##..#.............#
..##.##..#.##....#..#######.####
#....#.#.######.L#.## #.#
####.#.##.###....#.# #.#
....###.##...##..#.# #.# #####
#########.##.# #(#
#.#.##.########(#
#############.#.#...........#
...............>...##########
.#####.###########.# .# #.# #.#


There were no monsters in sight!

Vanquished Creatures
  Cerebov (Pan)
  the royal jelly (Slime:6)
  5 ancient liches
  the Serpent of Hell (Geh:7)
  Lom Lobon (Pan)
  3 orbs of fire (Zot:5)
  Mennas (Vaults:4)
  2 greater mummies (Tomb:1)
  Boris (Depths:4)
  3 curse toes
  A Killer Klown (Zot:5)
  9 pandemonium lords
  Geryon (Hell)
  3 golden dragons
  A pearl dragon (Pan)
  12 Brimstone Fiends
  9 liches
  An electric golem (Zot:5)
  Jorgrun (Elf:2)
  A hellephant (Abyss:3)
  A shard shrike zombie (Crypt:1)
  5 tentacled monstrosities
  7 Hell Sentinels
  9 Ice Fiends
  6 Orb Guardians
  Asterion (Elf:2)
  2 quicksilver dragons (Dis:7)
  A deep elf blademaster (Elf:3)
  2 deep elf master archers (Elf:3)
  13 Shadow Fiends
  9 acid blobs
  A tentacled starspawn (Abyss:1)
  5 titans
  7 Executioners (Pan)
  Polyphemus (Shoals:4)
  4 sphinxes
  3 warmongers (Pan)
  2 storm dragons
  7 ancient champions
  Kirke (Lair:5)
  4 shadow dragons
  7 azure jellies
  3 tengu reavers
  A greater naga (Zig:8)
  2 blood saints (Pan)
  3 revenants
  4 frost giants
  3 daevas (Pan)
  Donald (Orc:3)
  4 draconian knights
  Maud (Lair:4)
  4 vault wardens
  5 black suns (Pan)
  9 cacodemons
  5 fire giants
  An orc warlord (Orc:4)
  2 draconian scorchers
  15 balrugs
  2 iron dragons
  Aizul (Snake:1)
  6 deep elf sorcerers
  2 curse skulls
  A caustic shrike zombie (Depths:4)
  6 ghost moths
  A draconian shifter (Zot:1)
  5 ironheart preservers
  3 draconian annihilators
  5 angels (Pan)
  3 ghouls (Tar:7)
  A war gargoyle (Hell)
  A very ugly thing (Depths:5)
  2 ophanim (Pan)
  12 reapers
  2 elemental wellsprings (Coc:7)
  5 vampire knights
  9 stone giants
  4 draconian callers
  Nessos (Lair:6)
  7 deep elf demonologists
  2 green draconians
  4 apis (Pan)
  A salamander firebrand (Geh:6)
  3 black draconians
  5 chaos champions
  A yellow draconian (Zot:1)
  A dire elephant (Lair:8)
  3 white draconians
  13 lorocyprocas
  4 purple draconians
  A mottled draconian (Zot:1)
  3 red draconians
  8 deep elf death magi
  A minotaur (Lab)
  2 merfolk javelineers
  An eidolon (Crypt:2)
  A merfolk impaler (Depths:3)
  A quicksilver dragon zombie (Coc:7)
  2 jiangshi (Crypt:3)
  7 death oozes
  4 great orbs of eyes
  5 green deaths (Pan)
  3 ettins
  6 mummy priests
  12 blizzard demons
  The ghost of Monkaria the Spear-Bearer, a powerful MiBe of Trog (Lair:3)
  24 vault guards
  4 yaktaur captains
  A kraken zombie (Coc:7)
  2 deep elf high priests
  2 entropy weavers
  A fire dragon (Depths:2)
  2 anacondas
  A naga warrior (Snake:4)
  A merfolk aquamancer (Shoals:4)
  6 ice dragons
  A quicksilver dragon skeleton (Tar:2)
  A death knight (Abyss:2)
  2 catoblepae
  4 monstrous demonspawn
  An anaconda (shapeshifter) (Vaults:2)
  10 hydras
  A satyr (Shoals:3)
  10 centaur warriors
  3 hell beasts
  3 merfolk avatars (Shoals:3)
  2 rakshasas
  Erolcha (Orc:3)
  A spriggan air mage (Depths:3)
  7 death yaks
  2 dancing weapons (D:13)
  An alligator (Zig:4)
  3 deep troll earth magi
  A satyr (shapeshifter) (Vaults:5)
  2 tengu warriors
  8 ogre magi
  3 hell hogs
  2 deep troll shamans
  A thrashing horror (Abyss:1)
  An orc high priest (Orc:4)
  A titan zombie (Depths:4)
  A naga sharpshooter (Snake:4)
  2 spriggan berserkers
  The ghost of Bubnilka the Nimble, a powerful SpAs of Dithmenos (IceCv)
  7 vampire magi
  2 iron trolls (Zot:3)
  10 sun demons
  6 soul eaters
  16 shadow wraiths
  14 skeletal warriors
  The ghost of flt the Cleaver, an experienced HOFi of Beogh (D:7)
  2 shock serpents
  3 wretched stars
  2 titan skeletons
  7 unseen horrors
  5 flayed ghosts
  5 hell knights
  4 spatial maelstroms (Abyss:3)
  A golden dragon zombie (Hell)
  5 sea snakes
  6 gelid demonspawn (Pan)
  10 ice devils
  13 deep elf knights
  6 deep trolls
  15 death scarabs
  2 anaconda zombies
  A putrid demonspawn (Pan)
  5 deep elf summoners
  An unseen horror (shapeshifter) (WizLab)
  2 wizards
  2 giant orange brains
  2 ice statues (IceCv)
  10 necromancers
  A tengu zombie (Depths:4)
  A golden dragon skeleton (Zig:5)
  6 phantasmal warriors
  2 infernal demonspawn (Pan)
  A sphinx zombie (Depths:4)
  10 shadow demons
  2 wolf spider zombies
  11 harpies
  4 hill giants
  7 orc knights
  5 anubis guards
  9 ironbrand convokers
  A griffon (Vaults:2)
  5 statues (Volcano)
  An orb spider (shapeshifter) (Vaults:4)
  3 torturous demonspawn (Pan)
  3 orc sorcerers
  5 cyclopes
  7 moths of wrath
  2 orb spiders (Zig:10)
  14 deep elf conjurers
  4 wolf spiders
  3 mana vipers
  2 fire giant zombies
  2 hornets
  9 manticores
  2 iron dragon zombies
  14 ugly things
  12 sixfirhies
  2 worldbinders
  A shining eye (Slime:6)
  2 guardian serpents (shapeshifter) (WizLab)
  A water nymph (Shoals:1)
  A salamander (shapeshifter) (Vaults:1)
  32 elephants
  A fire giant skeleton (Tar:2)
  A centaur zombie (D:12)
  A toenail golem (Abyss:1)
  2 shock serpent zombies
  7 guardian serpents
  Joseph (D:7)
  A salamander (Geh:5)
  2 storm dragon simulacra
  2 frost giant skeletons
  13 smoke demons
  9 black mambas
  A torpor snail (Zig:6)
  2 apocalypse crabs
  5 naga magi
  An orange crystal statue (Snake:2)
  5 orange demons
  12 rust devils
  6 vault sentinels
  13 spiny frogs
  7 komodo dragons
  2 molten gargoyles (Lair:3)
  9 tormentors
  A gargoyle (D:12)
  9 hellions
  A yellow draconian zombie (Geh:3)
  21 yaktaurs
  A spriggan skeleton (Depths:4)
  7 trolls
  A silent spectre (Tar:7)
  3 fire drakes
  A yaktaur (shapeshifter) (Elf:2)
  5 guardian mummies
  A komodo dragon (shapeshifter) (Vaults:4)
  2 efreet
  6 hellwings
  4 blue devils
  2 deep elf priests (Elf:3)
  2 freezing wraiths
  3 kobold demonologists
  An entropy weaver zombie (Depths:1)
  2 ancient zymes (Abyss:1)
  9 red devils
  2 polar bears (shapeshifter) (WizLab)
  4 demonic crawlers
  A merfolk (shapeshifter) (Vaults:5)
  2 hydra zombies (Hell)
  5 merfolk
  2 jumping spiders
  2 polar bears
  19 blink frogs
  Grinder (D:3)
  A wind drake (shapeshifter) (WizLab)
  2 wind drakes
  3 ushabtiu
  A raiju (Abyss:1)
  A minotaur skeleton (Hell)
  3 boulder beetles
  7 two-headed ogres
  A trapdoor spider zombie (D:12)
  2 ettin zombies (Tar:7)
  2 snapping turtles
  A fire dragon skeleton (Coc:1)
  21 shadows
  2 elf simulacra (Depths:4)
  A spriggan (Lair:5)
  2 redbacks (Zig:10)
  26 slime creatures
  3 vampires
  9 flying skulls
  A wyvern (D:12)
  17 yaks
  9 ynoxinuls
  2 basilisks
  4 water elementals
  A human (shapeshifter) (WizLab)
  2 trapdoor spiders
  6 wraiths
  An ettin skeleton (Tar:7)
  The ghost of Monkaria the Poker, an average MiBe of Trog (D:4)
  9 deep elf fighters
  3 tarantellas
  18 deep elf magi
  A fire bat (Volcano)
  A small abomination (Abyss:1)
  2 fire elementals
  4 hogs (Lair:5)
  4 hungry ghosts
  5 golden eyes
  7 vampire mosquitoes
  17 neqoxecs
  2 golden eyes (shapeshifter) (WizLab)
  2 wargs
  10 hippogriffs
  2 hogs (shapeshifter)
  16 wolves
  Menkaure (D:6)
  3 soldier ants
  A soldier ant (shapeshifter) (WizLab)
  2 hydra simulacra
  4 nagas
  3 mottled dragons
  12 water moccasins
  A spiny frog zombie (Coc:5)
  29 ice beasts
  6 porcupines
  28 orc warriors
  3 phantoms
  An ettin simulacrum (Vaults:3)
  2 eyes of draining (shapeshifter)
  8 hell hounds
  3 black bears
  3 eyes of draining
  4 sky beasts
  2 large abominations
  19 boggarts
  20 ogres
  5 necrophages
  13 crocodiles
  A snapping turtle skeleton (Tar:7)
  11 centaurs
  A brain worm (Abyss:1)
  Blork the orc (D:6)
  7 big kobolds
  21 giant frogs
  8 scorpions
  11 killer bees
  8 lava snakes
  20 wights
  A human simulacrum (Vaults:2)
  7 crimson imps
  A giant frog zombie (D:11)
  9 hounds
  3 centaur skeletons
  15 orc priests
  6 iguanas
  3 iron imps
  19 jellies
  A giant frog skeleton (D:9)
  A worker ant (shapeshifter) (Vaults:1)
  9 worker ants
  33 orc wizards
  8 hell rats
  A spriggan simulacrum (Hell)
  A killer bee zombie (D:10)
  6 ogre zombies (D:11)
  17 sheep
  14 mummies
  3 hound skeletons
  Robin (D:4)
  12 adders
  32 river rats
  5 shadow imps
  2 white imps
  A giant eyeball (WizLab)
  3 ufetubi (Abyss:1)
  3 oozes
  2 adder zombies (D:5)
  An adder skeleton (D:5)
  3 worms
  9 giant geckos
  144 orcs
  18 bats
  2 bat skeletons (D:4)
  7 giant cockroaches
  22 hobgoblins
  11 jackals
  2 quokkas
  A ball python (D:1)
  A giant cockroach zombie (D:5)
  3 giant newts
  27 goblins
  A goblin skeleton (D:11)
  4 goblin zombies (D:11)
  3 hobgoblin zombies (D:11)
  22 kobolds
  11 orc zombies (D:11)
  A quokka skeleton (D:9)
  15 rats
  A crawling corpse (Elf:3)
  2 fungi
  A lost soul (Crypt:3)
  A lurking horror (Abyss:2)
  14 plants
  A tentacle (Coc:7)
2132 creatures vanquished.

Vanquished Creatures (collateral kills)
  Antaeus (Coc:7)
  Gloorx Vloq (Pan)
  3 ancient liches
  2 orbs of fire
  3 greater mummies (Tomb:1)
  Frederick (Depths:3)
  Saint Roka (Depths:2)
  Vashnia (Snake:4)
  2 Killer Klowns (Zot:5)
  3 curse toes
  A pandemonium lord (Pan)
  2 profane servitors
  8 tentacled monstrosities
  3 golden dragons
  3 bone dragons
  The ghost of Mandevil the Phalangite, a mighty MfGl of Makhleb (Vaults:4)
  2 Brimstone Fiends
  2 electric golems
  22 Orb Guardians
  5 Ice Fiends
  A Hell Sentinel (Pan)
  5 titans
  A shard shrike skeleton (Crypt:2)
  3 deep elf blademasters (Elf:3)
  7 liches
  11 acid blobs
  3 tentacled starspawn (Abyss:1)
  5 Shadow Fiends
  16 Executioners
  An octopode crusher (Depths:3)
  9 tengu reavers
  Agnes (D:15)
  3 ancient champions
  4 storm dragons
  4 shadow dragons
  A revenant (Tomb:2)
  10 daevas
  6 sphinxes
  Roxanne (D:14)
  5 draconian monks
  An azure jelly (Zig:9)
  4 blood saints (Pan)
  17 greater nagas
  Wiglaf (Depths:2)
  16 frost giants
  11 fire giants
  A draconian scorcher (Zot:5)
  2 draconian knights
  9 vault wardens
  14 angels
  5 cacodemons (Pan)
  Louise (Elf:2)
  9 iron dragons
  5 warmongers (Pan)
  2 ghost moths (Zot:4)
  5 draconian zealots
  A curse skull (Pan)
  15 balrugs
  8 ghouls
  32 reapers
  A deep elf sorcerer (Elf:3)
  6 draconian shifters
  2 spriggan defenders (Depths:2)
  2 draconian annihilators
  16 stone giants
  11 ironheart preservers
  6 ophanim (Pan)
  A caustic shrike skeleton (Depths:4)
  An elemental wellspring (Coc:7)
  17 very ugly things
  6 green draconians
  11 war gargoyles
  A draconian caller (Depths:5)
  3 vampire knights (Crypt:3)
  8 chaos champions (Pan)
  8 apis (Pan)
  5 corrupters (Pan)
  11 black draconians
  3 salamander firebrands
  7 black suns (Pan)
  Azrael (D:14)
  11 yellow draconians
  A salamander stormcaller (Vaults:5)
  6 deep elf demonologists
  5 purple draconians
  9 red draconians
  9 white draconians
  7 deep elf annihilators (Elf:3)
  12 ettins
  7 mottled draconians
  9 blizzard demons
  An eidolon (Crypt:3)
  4 merfolk javelineers
  17 vault guards
  5 fire dragons
  7 deep elf death magi
  6 green deaths
  7 mummy priests
  6 merfolk impalers
  2 death oozes
  A quicksilver dragon zombie (Geh:3)
  A kraken zombie (Coc:7)
  3 jiangshi
  8 death cobs
  3 deep elf high priests
  A quicksilver dragon skeleton (Hell)
  25 ice dragons
  8 yaktaur captains
  14 ogre magi
  4 hell beasts
  13 naga warriors
  An entropy weaver (Depths:1)
  7 great orbs of eyes
  A catoblepas (shapeshifter) (D:15)
  6 hydras
  7 anacondas
  7 monstrous demonspawn (Pan)
  A catoblepas (Shoals:4)
  2 rakshasas
  7 centaur warriors
  3 merfolk avatars
  18 dancing weapons (Elf:2)
  A spriggan air mage (Depths:2)
  An alligator snapping turtle (Shoals:2)
  A death knight (Vaults:3)
  4 merfolk aquamancers
  7 deep troll shamans
  An alligator (Zig:4)
  4 satyrs
  2 death yaks (Shoals:4)
  12 shock serpents
  6 tengu warriors
  5 deep troll earth magi
  10 hell hogs
  2 titan zombies
  5 hell knights
  Urug (D:13)
  2 thrashing horrors
  17 soul eaters
  3 storm dragon zombies
  An iron golem (WizLab)
  13 naga sharpshooters
  24 sun demons
  16 small abominations
  8 deep elf knights
  2 titan skeletons
  4 iron trolls
  A salamander mystic (Snake:4)
  A fire crab (Vaults:1)
  49 skeletal warriors
  15 sea snakes
  2 golden dragon zombies
  2 wizards
  4 flayed ghosts
  3 anaconda zombies
  A storm dragon skeleton (Pan)
  14 death scarabs
  A ghost moth zombie (Tar:7)
  2 giant orange brains
  A sea snake (shapeshifter) (Vaults:5)
  3 deep elf summoners
  A death drake (Tar:7)
  8 gelid demonspawn (Pan)
  13 infernal demonspawn (Pan)
  23 deep trolls
  5 cherubim (Pan)
  A golden dragon skeleton (Crypt:3)
  2 ice statues (Hell)
  13 ice devils
  A phantasmal warrior (Dis:7)
  3 shadow dragon zombies
  7 naga ritualists
  2 shambling mangroves (Zig:4)
  6 ironbrand convokers
  8 torturous demonspawn (Pan)
  11 orc knights
  A harpy (shapeshifter) (WizLab)
  11 hill giants
  An orb spider (shapeshifter) (WizLab)
  8 putrid demonspawn (Pan)
  2 sphinx zombies
  4 anubis guards (Tomb:2)
  7 necromancers
  A lindwurm (shapeshifter) (Depths:2)
  2 shadow demons
  2 anaconda skeletons
  4 wolf spider zombies
  10 deep elf conjurers
  A stone giant zombie (Tomb:1)
  25 harpies
  A cyclops (shapeshifter) (Depths:5)
  2 fire giant zombies
  2 orc sorcerers
  4 cyclopes
  13 fauns
  2 shadow dragon skeletons
  12 griffons
  8 shining eyes
  3 water nymphs
  4 orb spiders
  4 frost giant zombies
  50 ugly things
  2 iron dragon zombies
  23 sixfirhies (Pan)
  5 manticores
  An octopode (shapeshifter) (WizLab)
  5 wolf spiders
  3 hornets
  7 mana vipers
  2 salamanders (shapeshifter) (WizLab)
  A tengu skeleton (Depths:4)
  19 salamanders
  4 sirens
  5 vault sentinels
  4 fire giant skeletons
  4 frost giant skeletons
  An elephant (Zig:6)
  2 iron dragon skeletons
  A black mamba (shapeshifter) (WizLab)
  A spriggan zombie (Depths:2)
  A spiny frog (shapeshifter) (Vaults:3)
  A centaur zombie (D:14)
  2 manticores (shapeshifter)
  27 rust devils
  3 stone giant skeletons
  25 black mambas
  5 guardian serpents
  A dire elephant zombie (Hell)
  An apocalypse crab (Abyss:1)
  18 naga magi
  A gargoyle (D:15)
  2 worldbinders (Abyss:1)
  19 moths of wrath
  4 storm dragon simulacra
  24 large abominations
  A dire elephant skeleton (Tar:7)
  A mottled draconian zombie (Dis:7)
  A torpor snail (shapeshifter) (Zig:1)
  10 molten gargoyles (Geh:7)
  5 hellions
  2 shock serpent skeletons
  2 kobold demonologists
  12 smoke demons
  An emperor scorpion zombie (Tar:7)
  3 efreet
  A komodo dragon (shapeshifter) (WizLab)
  2 komodo dragons
  2 centaur skeletons (D:15)
  8 tormentors
  14 demonic crawlers
  22 hellwings (Pan)
  25 orange demons
  31 yaktaurs
  5 hydra zombies
  A tengu conjurer (Depths:1)
  10 blue devils
  2 ancient zymes
  A golden dragon simulacrum (Depths:4)
  A yaktaur skeleton (Vaults:2)
  23 red devils
  A red draconian skeleton (Tar:7)
  46 two-headed ogres
  5 trolls
  10 guardian mummies
  7 deep elf priests
  4 anaconda simulacra
  14 freezing wraiths
  3 trolls (shapeshifter)
  2 wind drakes
  3 jumping spiders
  25 merfolk
  2 shadow dragon simulacra (Depths:4)
  A harpy skeleton (Tar:7)
  A sphinx simulacrum (Depths:4)
  An ettin zombie (Vaults:2)
  5 ushabtiu
  A hornet zombie (D:15)
  8 snapping turtles
  3 alligator zombies
  2 hydra skeletons
  2 fire dragon zombies
  A minotaur skeleton (Pan)
  2 wolf spider simulacra
  A fire giant simulacrum (Hell)
  A two-headed ogre (shapeshifter) (D:15)
  3 boulder beetles
  10 shadows
  3 vampires (Crypt:3)
  2 raiju (Abyss:1)
  4 tarantellas
  An ice dragon zombie (Geh:6)
  A satyr zombie (Crypt:3)
  An ettin skeleton (Tar:7)
  An iron dragon simulacrum (Crypt:3)
  A shock serpent simulacrum (Hell)
  16 deep elf magi
  83 slime creatures
  2 fire dragon skeletons
  3 ice dragon skeletons
  10 redbacks
  An alligator skeleton (Coc:5)
  2 fire bats (Geh:7)
  52 flying skulls
  A redback (shapeshifter) (Vaults:5)
  12 wraiths
  7 ynoxinuls (Pan)
  A human (shapeshifter) (Elf:3)
  12 water elementals
  2 yaks (shapeshifter)
  A spriggan (shapeshifter) (WizLab)
  9 fire elementals
  A trapdoor spider (Zig:7)
  A dire elephant simulacrum (Crypt:2)
  2 hungry ghosts
  A fire bat (shapeshifter) (Vaults:4)
  3 golden eyes
  A hog (shapeshifter) (WizLab)
  A tarantella (shapeshifter) (WizLab)
  24 deep elf fighters
  4 hippogriffs
  6 spatial vortices (Abyss:3)
  A yaktaur simulacrum (Vaults:2)
  7 wargs
  2 mottled dragons
  2 human zombies
  51 nagas
  3 chaos spawn
  A spiny frog zombie (Coc:7)
  23 hell hounds
  8 neqoxecs (Pan)
  20 vampire mosquitoes
  2 water moccasins
  A spider (shapeshifter) (Vaults:5)
  A soldier ant (shapeshifter) (WizLab)
  3 spiders
  A hornet simulacrum (D:15)
  2 orc zombies
  An alligator simulacrum (Hell)
  A wasp (shapeshifter) (Depths:2)
  2 phantoms
  3 spiny frog skeletons
  3 eyes of draining
  17 orc warriors
  An ice beast (D:13)
  3 hydra simulacra
  2 crocodiles
  A swamp dragon zombie (Dis:7)
  64 ogres
  2 swamp dragon skeletons
  An eye of draining (shapeshifter) (WizLab)
  A big kobold (shapeshifter) (WizLab)
  3 boggarts
  2 manticore skeletons
  2 snapping turtle skeletons
  5 necrophages
  27 centaurs
  A fire dragon simulacrum (Hell)
  A hog skeleton (Crypt:3)
  2 big kobolds
  5 elf zombies (Elf:1)
  A giant frog (Lair:1)
  A swamp dragon simulacrum (Tomb:1)
  An electric eel (Elf:3)
  A spriggan skeleton (Crypt:3)
  13 wights
  4 crimson imps
  7 iron imps
  5 orc priests
  6 quasits
  11 jellies
  A demonspawn zombie (Crypt:3)
  3 hell rats (Hell)
  4 orc wizards
  A lightning spire (Zig:8)
  2 worker ants
  An ogre zombie (Dis:7)
  3 sheep
  A tengu zombie (Coc:7)
  A deep dwarf skeleton (Crypt:1)
  A human simulacrum (Hell)
  15 mummies
  A river rat (Zig:6)
  3 shadow imps
  6 white imps
  3 giant eyeballs (WizLab)
  An ufetubus (Abyss:1)
  26 orcs
  A jackal zombie (Crypt:3)
  A kobold (Vaults:2)
  3 crawling corpses (Elf:3)
  A fire vortex (Pan)
  A lurking horror (Abyss:1)
  A plant (Shoals:4)
  2 starspawn tentacles (Abyss:1)
  2 tentacles (Coc:7)
  A tentacle segment (Coc:7)
2521 creatures vanquished.

Vanquished Creatures (others)
  A lich (Pan)
  An eldritch tentacle (Tar:7)
  A green death (Depths:3)
  An unseen horror (D:15)
  A skeletal warrior (Hell)
  4 ball lightnings
  3 death scarabs (Tomb:2)
  A wizard (D:5)
  A deep elf conjurer (Tomb:1)
  A blue devil (Hell)
  A neqoxec (Pan)
  A brain worm (Pan)
  A sheep (Shoals:2)
  2 mummies (Tomb:2)
  151 eldritch tentacle segments (Tar:7)
  12 fungi
  12 plants
  4 starspawn tentacles (Abyss:1)
  107 starspawn tentacle segments (Abyss:1)
  8 tentacles (Coc:7)
  35 tentacle segments (Coc:7)
349 creatures vanquished.

Grand Total: 5002 creatures vanquished

Notes
Turn   | Place    | Note
--------------------------------------------------------------
     0 | D:1      | glosham the Octopode Conjurer began the quest for the Orb.
     0 | D:1      | Reached XP level 1. HP: 11/11 MP: 3/3
   130 | D:1      | Reached skill level 1 in Fighting
   233 | D:1      | Reached XP level 2. HP: 15/18 MP: 3/5
   416 | D:1      | Reached skill level 2 in Fighting
   704 | D:1      | Learned a level 2 spell: Searing Ray
   759 | D:2      | Reached XP level 3. HP: 25/25 MP: 3/6
   775 | D:2      | Found a burning altar of Makhleb.
   780 | D:2      | Reached skill level 3 in Fighting
   791 | D:2      | Noticed an Executioner
   798 | D:2      | Found a glowing silver altar of Zin.
   799 | D:2      | Noticed an angel
  1034 | D:2      | Reached XP level 4. HP: 21/31 MP: 2/7
  1092 | D:2      | Found a glowing golden altar of the Shining One.
  1624 | D:3      | Found a basalt altar of Yredelemnul.
  1647 | D:2      | Upgraded the game from 0.17-a0-1519-g2001520 to 0.17-a0-1521-gbe3fe00
  2033 | D:3      | Found a blossoming altar of Fedhas.
  2089 | D:3      | Reached skill level 3 in Spellcasting
  2089 | D:3      | Reached XP level 5. HP: 36/36 MP: 5/9
  2207 | D:3      | Noticed Grinder
  2218 | D:3      | Killed Grinder
  2218 | D:3      | Reached skill level 5 in Spellcasting
  2218 | D:3      | Reached XP level 6. HP: 11/42 MP: 0/13
  2312 | D:4      | Noticed Robin
  2463 | D:4      | Noticed Monkaria's ghost (average MiBe)
  2486 | D:4      | Killed Monkaria's ghost
  2486 | D:4      | Reached skill level 5 in Conjurations
  2486 | D:4      | Reached XP level 7. HP: 5/46 MP: 3/14
  2892 | D:4      | Reached skill level 6 in Conjurations
  3000 | D:4      | Learned a level 4 spell: Iskenderun's Mystic Blast
  3047 | D:4      | Killed Robin
  3227 | D:4      | Reached skill level 7 in Conjurations
  3399 | D:4      | Reached XP level 8. HP: 31/52 MP: 9/15
  3419 | D:5      | Entered Level 5 of the Dungeon
  3877 | D:5      | Reached skill level 8 in Conjurations
  4046 | D:5      | Found a bloodstained altar of Trog.
  4054 | D:5      | Noticed a wizard
  4060 | D:5      | Killed a wizard
  4227 | D:6      | Found a staircase to the Ecumenical Temple.
  4238 | Temple   | Entered the Ecumenical Temple
  4280 | Temple   | Became a worshipper of Sif Muna the Loreminder
  4544 | D:6      | Reached skill level 9 in Conjurations
  4588 | D:6      | Noticed Menkaure
  4601 | D:6      | Killed Menkaure
  4605 | D:6      | Noticed Blork the orc
  4610 | D:6      | Killed Blork the orc
  4610 | D:6      | Acquired Sif Muna's first power
  4610 | D:6      | Reached XP level 9. HP: 30/57 MP: 8/17
  4756 | D:6      | Reached skill level 6 in Spellcasting
  5026 | D:7      | Found Cuschypt's Gadget Shop.
  5044 | D:7      | Reached skill level 10 in Conjurations
  5050 | D:7      | Reached skill level 1 in Invocations
  5133 | D:7      | Found a shattered altar of Ashenzari.
  5173 | D:7      | Found Iqoosa's Antique Weapon Boutique.
  5342 | D:7      | Noticed Joseph
  5359 | D:7      | Killed Joseph
  5359 | D:7      | Acquired Sif Muna's second power
  5359 | D:7      | Reached skill level 2 in Invocations
  5619 | D:8      | Found a staircase to the Lair.
  5721 | D:8      | Found a shattered altar of Ashenzari.
  5721 | D:8      | Found a sparkling altar of Nemelex Xobeh.
  5792 | D:8      | Learned a level 5 spell: Iskenderun's Battlesphere
  5845 | D:8      | Reached skill level 1 in Charms
  5971 | D:8      | Reached skill level 2 in Charms
  6224 | D:8      | Reached skill level 7 in Spellcasting
  6255 | D:8      | Upgraded the game from 0.17-a0-1521-gbe3fe00 to 0.17-a0-1528-gfee3901
  6545 | D:9      | Reached XP level 10. HP: 63/63 MP: 20/20
  6549 | D:9      | Reached skill level 3 in Charms
  6601 | D:9      | Got a brightly glowing long sword
  6670 | D:9      | Found Ikou's Gadget Emporium.
  6885 | D:9      | Got a bloodstained short sword
  6974 | D:9      | Reached skill level 11 in Conjurations
  7058 | D:9      | Reached skill level 4 in Charms
  7081 | D:9      | Found Fyli's Food Shop.
  7111 | D:9      | Identified the +9 long sword of Dithmenos's Whim {holy, +Fly MR+ Int-4} (You found it on level 9 of the Dungeon)
  7116 | D:9      | Identified the +4 short sword of Pohiroy {pain, *Contam rElec Str+6 SInv} (You found it on level 9 of the Dungeon)
  7168 | D:9      | Found Ugiagree's Weapon Shop.
  7296 | D:10     | Entered Level 10 of the Dungeon
  7394 | D:10     | Found Xufu's Assorted Antiques.
  7426 | D:10     | Reached skill level 8 in Spellcasting
  7477 | D:10     | Reached skill level 4 in Fighting
  7610 | D:10     | Acquired Sif Muna's third power
  7686 | D:10     | Noticed a hill giant
  7692 | D:10     | Killed a hill giant
  7824 | D:10     | Reached skill level 9 in Spellcasting
  7824 | D:10     | Reached XP level 11. HP: 57/70 MP: 10/24
  7868 | D:10     | Reached skill level 5 in Fighting
  8029 | D:11     | Reached skill level 12 in Conjurations
  8108 | D:11     | Found a staircase to the Orcish Mines.
  8400 | D:11     | Found Ilueg's Jewellery Emporium.
  8810 | D:11     | Reached skill level 10 in Spellcasting
  9106 | Lair:1   | Entered Level 1 of the Lair of Beasts
  9132 | Lair:1   | Learned a level 3 spell: Dazzling Spray
  9341 | Lair:1   | Received a gift from Sif Muna
  9346 | Lair:1   | Reached skill level 13 in Conjurations
  9358 | Lair:1   | Identified Sif Muna's Incunabulum of Confrontation (Sif Muna gifted it to you on level 1 of the Lair of Beasts)
 10221 | Lair:1   | Reached XP level 12. HP: 77/77 MP: 17/26
 10268 | Lair:2   | Reached skill level 11 in Spellcasting
 10427 | Lair:2   | Found a labyrinth entrance.
 10436 | Lab      | Entered a labyrinth
 11191 | Lab      | Noticed a minotaur
 11194 | Lab      | Killed a minotaur
 11213 | Lab      | Learned a level 2 spell: Swiftness
 11247 | Lair:2   | Reached skill level 3 in Dodging
 11496 | Lair:2   | Reached skill level 14 in Conjurations
 11546 | Lair:2   | Reached skill level 4 in Dodging
 11662 | Lair:2   | Received a gift from Sif Muna
 11663 | Lair:2   | Identified Deemn's Papyrus of Confrontation and the Birds (Sif Muna gifted it to you on level 2 of the Lair of Beasts)
 11668 | Lair:2   | Learned a level 3 spell: Mephitic Cloud
 11821 | Lair:3   | Found a staircase to the Shoals.
 12151 | Lair:3   | Noticed Monkaria's ghost (powerful MiBe)
 12161 | Lair:3   | Killed Monkaria's ghost
 12215 | Lair:3   | Found a staircase to the Snake Pit.
 12237 | Lair:3   | Reached skill level 12 in Spellcasting
 12495 | Lair:3   | Reached XP level 13. HP: 82/82 MP: 8/29
 13063 | Lair:4   | Learned a level 2 spell: Repel Missiles
 13131 | Lair:4   | Noticed Maud
 13168 | Lair:4   | Killed Maud
 13168 | Lair:4   | Reached skill level 6 in Fighting
 13494 | D:10     | Bought a scroll of identify for 38 gold pieces
 13494 | D:10     | Bought a scroll of identify for 38 gold pieces
 13494 | D:10     | Bought a bubbling amethyst potion for 17 gold pieces
 13494 | D:10     | Bought 2 orange potions for 34 gold pieces
 13546 | D:11     | Bought an uncursed ring of protection from fire for 450 gold pieces
 13873 | D:12     | Received a gift from Sif Muna
 13876 | D:12     | Identified Xedubu's Catalogue of Vitriolic Conjuration (Sif Muna gifted it to you on level 12 of the Dungeon)
 14224 | D:12     | Reached skill level 15 in Conjurations
 14711 | Lair:5   | Found a dark tunnel.
 14726 | Volcano  | Entered a volcano
 14820 | Volcano  | Reached skill level 13 in Spellcasting
 14845 | Volcano  | Reached skill level 5 in Charms
 14953 | Volcano  | Found a bloodstained altar of Trog.
 15535 | Lair:5   | Noticed Kirke
 15544 | Lair:5   | Killed Kirke
 15548 | Lair:5   | Reached XP level 14. HP: 47/90 MP: 1/31
 15647 | Lair:4   | Received a gift from Sif Muna
 15707 | Lair:4   | Identified Qoumer's Papyrus of Conjuration and Augmentations (Sif Muna gifted it to you on level 4 of the Lair of Beasts)
 15942 | Lair:6   | Reached skill level 16 in Conjurations
 15952 | Lair:6   | Found a staircase to the Slime Pits.
 15995 | Lair:6   | Noticed Nessos
 16011 | Lair:6   | Killed Nessos
 16284 | Lair:6   | Reached skill level 14 in Spellcasting
 16634 | Lair:7   | Reached skill level 3 in Invocations
 17225 | Lair:8   | Entered Level 8 of the Lair of Beasts
 17453 | Lair:8   | Received a gift from Sif Muna
 17453 | Lair:8   | Reached skill level 4 in Invocations
 17454 | Lair:8   | Identified Sif Muna's Incunabulum of Evil Magic (Sif Muna gifted it to you on level 8 of the Lair of Beasts)
 17886 | Lair:8   | Reached skill level 5 in Invocations
 18082 | Lair:8   | Reached XP level 15. HP: 94/94 MP: 26/33
 18160 | Lair:8   | Reached skill level 15 in Spellcasting
 18160 | Lair:8   | Reached skill level 17 in Conjurations
 18578 | Lair:1   | Learned a level 6 spell: Poison Arrow
 18585 | Lair:1   | Learned a level 6 spell: Bolt of Cold
 18685 | Orc:1    | Entered Level 1 of the Orcish Mines
 18685 | Orc:1    | Found a frozen archway.
 18686 | Orc:1    | Upgraded the game from 0.17-a0-1528-gfee3901 to 0.17-a0-1532-g2de063d
 18694 | Orc:1    | Reached skill level 6 in Invocations
 18747 | IceCv    | Entered an ice cave
 18925 | IceCv    | Received a gift from Sif Muna
 18925 | IceCv    | Reached skill level 3 in Stealth
 18926 | IceCv    | Identified Useecaqehy's Papyrus of Combat Magic (Sif Muna gifted it to you in an ice cave)
 18935 | IceCv    | Learned a level 7 spell: Spellforged Servitor
 18958 | IceCv    | Reached skill level 1 in Summonings
 19013 | IceCv    | Noticed Bubnilka's ghost (powerful SpAs)
 19025 | IceCv    | Killed Bubnilka's ghost
 19025 | IceCv    | Reached skill level 2 in Summonings
 19073 | IceCv    | Reached skill level 3 in Summonings
 20126 | Orc:2    | Found a radiant altar of Vehumet.
 20321 | Orc:3    | Found Nurepadas's Assorted Antiques.
 20327 | Orc:3    | Bought a runed wooden wand for 88 gold pieces
 20384 | Orc:3    | Found a staircase to the Elven Halls.
 20402 | Orc:3    | Found a roughly hewn altar of Beogh.
 20402 | Orc:3    | Noticed Erolcha
 20406 | Orc:3    | Killed Erolcha
 20406 | Orc:3    | Reached skill level 4 in Summonings
 20444 | Orc:3    | Noticed Donald
 20450 | Orc:3    | Killed Donald
 20808 | Orc:4    | Entered Level 4 of the Orcish Mines
 20974 | Orc:4    | Reached skill level 5 in Summonings
 21049 | Orc:4    | Found Jeataudy's General Store.
 21104 | Orc:4    | Found Konwexe's Book Shop.
 21291 | Orc:4    | Reached skill level 6 in Summonings
 21320 | Orc:4    | Found Madar's Antique Armour Shop.
 21335 | Orc:4    | Bought a glowing buckler for 153 gold pieces
 21564 | Orc:4    | Found Lax Wael's Antique Weapon Shoppe.
 21574 | Orc:4    | Reached skill level 7 in Summonings
 21928 | Lair:1   | Learned a level 6 spell: Iron Shot
 21942 | Lair:1   | Learned a level 3 spell: Passwall
 22036 | Shoals:1 | Entered Level 1 of the Shoals
 22047 | Shoals:1 | Reached skill level 1 in Earth Magic
 22054 | Shoals:1 | Received a gift from Sif Muna
 22057 | Shoals:1 | Reached skill level 2 in Earth Magic
 22065 | Shoals:1 | Identified Juogiso's Papyrus of Blows and Bruises (Sif Muna gifted it to you on level 1 of the Shoals)
 22230 | Shoals:1 | Reached skill level 3 in Earth Magic
 22340 | Shoals:1 | Reached skill level 4 in Earth Magic
 22382 | Shoals:1 | Got an ancient shortbow
 22396 | Shoals:1 | Identified the +7 shortbow "Quotwi" {flame, Str+5 Stlth+} (You found it on level 1 of the Shoals)
 22419 | Shoals:1 | Reached skill level 5 in Earth Magic
 22542 | Shoals:1 | Reached XP level 16. HP: 99/99 MP: 35/35
 22597 | Shoals:1 | Found Mrhayrch's Merry Market.
 22660 | Shoals:1 | Bought an uncursed ring of magical power for 320 gold pieces
 23432 | Shoals:2 | Found Fiomp's Antique Armour Shoppe.
 23433 | Shoals:2 | Upgraded the game from 0.17-a0-1532-g2de063d to 0.17-a0-1534-gf98da79
 23458 | Shoals:2 | HP: 6/99 [merfolk javelineer/javelin of penetration (13)]
 23767 | Lair:1   | Learned a level 1 spell: Shock
 23772 | Lair:1   | Learned a level 4 spell: Passage of Golubria
 23847 | D:13     | Noticed Urug
 23854 | D:13     | Killed Urug
 23902 | D:13     | Found a gate to the Vaults.
 24084 | D:13     | Found Ihudel's Magic Scroll Emporium.
 24092 | D:13     | Bought a scroll of identify for 30 gold pieces
 24092 | D:13     | Bought a scroll of identify for 30 gold pieces
 24092 | D:13     | Bought a scroll of identify for 30 gold pieces
 24093 | D:13     | Bought a scroll of acquirement for 780 gold pieces
 24288 | Orc:4    | Bought a book of Party Tricks for 600 gold pieces
 24290 | Orc:4    | Learned a level 1 spell: Apportation
 24292 | Orc:4    | Learned a level 1 spell: Summon Butterflies
 24292 | Orc:4    | Bought a book of Enchantments for 600 gold pieces
 24299 | Orc:4    | Learned a level 6 spell: Haste
 24591 | D:14     | Noticed Azrael
 24595 | D:14     | Killed Azrael
 24698 | D:14     | Noticed Roxanne
 24708 | D:14     | Killed Roxanne
 24708 | D:14     | Received a gift from Sif Muna
 24712 | D:14     | Identified Sif Muna's Spellcasting, Part Five (Sif Muna gifted it to you on level 14 of the Dungeon)
 24718 | D:14     | Identified Roxanne's Collected Works on the Mutagenic Mountains (You took it off Roxanne on level 14 of the Dungeon)
 25150 | D:14     | Reached skill level 6 in Charms
 25373 | D:14     | Found Maicsan's Food Shoppe.
 26030 | D:15     | Entered Level 15 of the Dungeon
 26068 | D:15     | Reached skill level 7 in Charms
 26328 | D:15     | Found a staircase to the Depths.
 26440 | D:15     | Reached skill level 8 in Charms
 26577 | D:15     | Learned a level 2 spell: Stoneskin
 26617 | D:15     | Found a portal to a secret trove of treasure.
 26797 | D:15     | Noticed Agnes
 26803 | D:15     | Killed Agnes
 26807 | D:15     | Reached skill level 1 in Shields
 27114 | D:15     | Gained mutation: Your spells are a little harder to cast, but a little more powerful. [helix card]
 27115 | D:15     | Drew Focus: Int increased to 23, Str decreased to 8
 27288 | Elf:1    | Entered Level 1 of the Elven Halls
 27479 | Elf:1    | Identified Nufaxeh's Collected Works on Darkness (You found it on level 1 of the Elven Halls)
 27484 | Elf:1    | Learned a level 3 spell: Regeneration
 27552 | Elf:1    | Reached XP level 17. HP: 90/107 MP: 36/36
 27833 | Elf:1    | Reached skill level 8 in Summonings
 28016 | Elf:2    | Noticed Louise
 28032 | Elf:2    | Killed Louise
 28032 | Elf:2    | Reached skill level 16 in Spellcasting
 28088 | Elf:2    | Received a gift from Sif Muna
 28089 | Elf:2    | Identified Sif Muna's Papyrus of Supportive Aid (Sif Muna gifted it to you on level 2 of the Elven Halls)
 28150 | Elf:2    | Reached skill level 18 in Conjurations
 28400 | Elf:2    | Found a runed gate.
 28400 | Elf:2    | Found a runed gate.
 28400 | Elf:2    | Found a runed gate.
 28704 | Elf:2    | Noticed Asterion
 28708 | Elf:2    | Killed Asterion
 28807 | Elf:2    | Noticed Jorgrun
 28807 | Elf:2    | Reached skill level 9 in Summonings
 28812 | Elf:2    | Killed Jorgrun
 29666 | Shoals:3 | Reached skill level 2 in Shields
 29722 | Shoals:3 | Reached skill level 3 in Shields
 29849 | Shoals:3 | Reached skill level 4 in Shields
 29994 | Shoals:3 | Reached skill level 7 in Fighting
 30337 | Shoals:4 | Entered Level 4 of the Shoals
 30435 | Shoals:4 | Learned a level 3 spell: Ozocubu's Armour
 30507 | Shoals:4 | Reached skill level 8 in Fighting
 30780 | Shoals:4 | Reached skill level 9 in Fighting
 31169 | Shoals:4 | Noticed Polyphemus
 31174 | Shoals:4 | Killed Polyphemus
 31198 | Shoals:4 | Reached XP level 18. HP: 120/120 MP: 16/38
 31214 | Shoals:4 | Reached skill level 10 in Fighting
 31271 | Shoals:4 | Reached skill level 5 in Dodging
 31379 | Shoals:4 | Got a barnacled rune of Zot
 31428 | Shoals:3 | Reached skill level 6 in Dodging
 31462 | Shoals:1 | Bought a scroll of magic mapping for 56 gold pieces
 31462 | Shoals:1 | Bought a potion of might for 64 gold pieces
 31462 | Shoals:1 | Bought a potion of might for 64 gold pieces
 31462 | Shoals:1 | Bought a potion of might for 64 gold pieces
 31462 | Shoals:1 | Bought a scroll of magic mapping for 56 gold pieces
 31681 | D:7      | Bought a phantom mirror for 360 gold pieces
 31681 | D:7      | Bought a wand of teleportation (4) for 288 gold pieces
 31900 | D:15     | Learned a level 6 spell: Deflect Missiles
 32172 | Elf:3    | Entered Level 3 of the Elven Halls
 32194 | Elf:3    | Reached skill level 1 in Air Magic
 32411 | Elf:3    | Reached skill level 2 in Air Magic
 32533 | Elf:3    | Reached skill level 3 in Air Magic
 32873 | Elf:3    | Reached skill level 4 in Air Magic
 32950 | Elf:3    | Received a gift from Sif Muna
 32951 | Elf:3    | Identified Sif Muna's Tome of Moulding (Sif Muna gifted it to you on level 3 of the Elven Halls)
 32968 | Elf:3    | Reached skill level 9 in Charms
 33038 | Elf:3    | Reached skill level 5 in Air Magic
 33117 | Elf:3    | Reached skill level 10 in Charms
 33273 | Elf:3    | Got a scorched large shield
 33314 | Elf:3    | Reached skill level 11 in Charms
 33368 | Elf:3    | Got a crude crystal amulet
 33369 | Elf:3    | Got a crystal glaive
 33369 | Elf:3    | Got an ichor-stained shortbow
 33409 | Elf:3    | Identified the cursed -4 large shield of Imperfection {rC+ Int+2} (You took it off a deep elf conjurer on level 3 of the Elven Halls)
 33416 | Elf:3    | Identified the +11 shortbow "Spider's Foe" {freeze, rElec Int-4 SInv Stlth+} (You took it off a deep elf priest on level 3 of the Elven Halls)
 33417 | Elf:3    | Identified the +11 glaive "Beetleslayer" {venom, +Fly rElec rF+ Str-3 Int+3} (You took it off a deep elf priest on level 3 of the Elven Halls)
 33428 | Elf:3    | Identified the amulet of Trog's Approval {Ward +Inv rC+ rN+} (You took it off a deep elf death mage on level 3 of the Elven Halls)
 33481 | Elf:3    | Got an ancient quick blade
 33483 | Elf:3    | Identified the +9 quick blade "Juwua" {flame, Str+4} (You took it off a deep elf demonologist on level 3 of the Elven Halls)
 33688 | Elf:3    | Identified Sif Muna's Reference Book on Floating Stolen Souls
 33691 | Elf:3    | Identified the Collected Works on Fascination
 33776 | Elf:3    | Received a gift from Sif Muna
 34129 | D:15     | Learned a level 8 spell: Lehudib's Crystal Spear
 34377 | Snake:1  | Entered Level 1 of the Snake Pit
 34471 | Snake:1  | Noticed Aizul
 34495 | Snake:1  | Killed Aizul
 34624 | Snake:1  | Reached skill level 6 in Earth Magic
 35192 | Snake:2  | Found a gateway to a bazaar.
 35198 | Bazaar   | Entered a bazaar
 35212 | Bazaar   | Found Miutuog's Distillery.
 35241 | Bazaar   | Found Dyrot's Distillery.
 35254 | Bazaar   | Found Jizac's Gadget Shoppe.
 35271 | Bazaar   | Found Xamiuwa Haol's Gadget Shoppe.
 35290 | Bazaar   | Bought a potion of cure mutation for 385 gold pieces
 35290 | Bazaar   | Bought a potion of beneficial mutation for 385 gold pieces
 35290 | Bazaar   | Gained mutation: Your system is resistant to poisons. [potion of beneficial mutation]
 35291 | Bazaar   | Bought a potion of curing for 33 gold pieces
 35291 | Bazaar   | Bought a potion of curing for 33 gold pieces
 35291 | Bazaar   | Bought a potion of curing for 33 gold pieces
 35319 | Bazaar   | Bought a potion of heal wounds for 60 gold pieces
 35319 | Bazaar   | Bought a potion of curing for 36 gold pieces
 35319 | Bazaar   | Bought a potion of curing for 36 gold pieces
 35319 | Bazaar   | Bought a potion of magic for 96 gold pieces
 35319 | Bazaar   | Bought a potion of curing for 36 gold pieces
 35319 | Bazaar   | Bought a potion of agility for 48 gold pieces
 35380 | Snake:2  | Reached skill level 7 in Earth Magic
 35688 | Snake:2  | Found Pailayt's Antique Armour Shoppe.
 35689 | Snake:2  | Upgraded the game from 0.17-a0-1534-gf98da79 to 0.17-a0-1545-gc1bb672
 35752 | Snake:2  | Found Toceba's Armour Emporium.
 35802 | Snake:2  | Reached XP level 19. HP: 126/126 MP: 39/39
 35807 | Snake:2  | Reached skill level 8 in Earth Magic
 35871 | Snake:2  | Found Mieleah's Distillery.
 36113 | Snake:3  | Reached skill level 9 in Earth Magic
 36599 | Snake:3  | Reached skill level 10 in Earth Magic
 36717 | Snake:4  | Entered Level 4 of the Snake Pit
 36721 | Snake:4  | Noticed Vashnia
 36738 | Snake:4  | Killed Vashnia
 36738 | Snake:4  | Received a gift from Sif Muna
 36739 | Snake:4  | Identified Sif Muna's Incunabulum of Supportive Black Magic (Sif Muna gifted it to you on level 4 of the Snake Pit)
 37181 | Snake:4  | Found a radiant altar of Vehumet.
 37257 | Snake:4  | Reached skill level 11 in Earth Magic
 37831 | Snake:4  | Reached skill level 12 in Earth Magic
 37943 | Snake:4  | Got a serpentine rune of Zot
 38138 | Snake:2  | Bought a potion of curing for 51 gold pieces
 38138 | Snake:2  | Bought a potion of heal wounds for 85 gold pieces
 38138 | Snake:2  | Bought a potion of brilliance for 68 gold pieces
 38138 | Snake:2  | Bought a potion of cancellation for 136 gold pieces
 38572 | D:15     | Received a gift from Sif Muna
 38638 | Vaults:1 | Entered Level 1 of the Vaults
 38876 | Vaults:1 | Reached skill level 13 in Earth Magic
 39654 | Vaults:1 | Got a dazzling arbalest
 39660 | Vaults:1 | Identified the +8 arbalest "Conservator" {elec, MR+ Stlth+} (You found it on level 1 of the Vaults)
 39815 | Vaults:1 | Reached XP level 20. HP: 128/132 MP: 40/40
 40314 | Vaults:2 | Reached skill level 7 in Invocations
 40402 | Vaults:2 | Got a vibrating ivory ring
 40404 | Vaults:2 | Identified the ring of Seomar {+/*Tele Dex+4 Slay+2} (You found it on level 2 of the Vaults)
 40463 | Vaults:2 | Reached skill level 8 in Invocations
 40610 | Vaults:2 | Found Paulag's Antique Armour Shop.
 40613 | Vaults:2 | Got an encrusted hunting sling
 40614 | Vaults:2 | Identified the +9 hunting sling "Qaos" {flame, rN+} (You found it on level 2 of the Vaults)
 40864 | Vaults:2 | Reached skill level 9 in Invocations
 41084 | Vaults:2 | Gained mutation: You can breathe flames. [potion of beneficial mutation]
 41194 | Vaults:2 | Reached skill level 10 in Invocations
 41843 | Vaults:3 | Received a gift from Sif Muna
 41844 | Vaults:3 | Identified Sif Muna's Compendium of Confrontation and the Traveller (Sif Muna gifted it to you on level 3 of the Vaults)
 41872 | Vaults:3 | Found a staircase to the Crypt.
 41888 | Vaults:3 | Reached skill level 1 in Translocations
 41912 | Vaults:3 | Reached skill level 2 in Translocations
 41924 | Vaults:3 | Reached skill level 3 in Translocations
 42294 | Vaults:3 | Reached skill level 4 in Translocations
 42660 | Vaults:3 | Reached skill level 5 in Translocations
 43047 | D:15     | Learned a level 5 spell: Phase Shift
 43050 | D:15     | Learned a level 2 spell: Shroud of Golubria
 43059 | Depths:1 | Entered Level 1 of the Depths
 43677 | Depths:1 | Reached skill level 6 in Translocations
 43754 | Depths:1 | Found a gateway to Hell.
 43907 | Depths:1 | Reached XP level 21. HP: 137/137 MP: 41/41
 43999 | Hell     | Entered the Vestibule of Hell
 43999 | Hell     | Noticed Geryon
 44006 | Hell     | Reached skill level 17 in Spellcasting
 44013 | Hell     | Killed Geryon
 44013 | Hell     | Received a gift from Sif Muna
 44013 | Hell     | Reached skill level 14 in Earth Magic
 44016 | Hell     | Identified Sif Muna's Almanac of Cloudy Combat Magic (Sif Muna gifted it to you in the Vestibule of Hell)
 44192 | D:15     | Reached skill level 7 in Translocations
 44247 | D:15     | You paid a toll of the horn of Geryon to enter a treasure trove
 44248 | Trove    | Entered a treasure trove
 44267 | Trove    | Got a dazzling rapier
 44277 | Trove    | Got a shimmering quarterstaff
 44283 | Trove    | Identified the +7 quarterstaff "Uniuhast" {flame, rF+ rC+++ Dex-3 Stlth-} (You found it in a treasure trove)
 44284 | Trove    | Identified the +9 rapier "Nasosugu" {pain, rElec Int+6} (You found it in a treasure trove)
 44545 | Orc:4    | Bought a book of Minor Magic for 240 gold pieces
 44548 | Orc:4    | Learned a level 2 spell: Blink
 44561 | Orc:4    | Bought a potion of heal wounds for 60 gold pieces
 44561 | Orc:4    | Bought a legendary deck of wonders for 312 gold pieces
 44561 | Orc:4    | Bought a potion of heal wounds for 60 gold pieces
 44562 | Orc:4    | Drew Focus: Int increased to 26, Str decreased to 8
 44595 | Orc:3    | Bought 2 potions of curing for 132 gold pieces
 44595 | Orc:3    | Bought a scroll of immolation for 77 gold pieces
 44680 | D:10     | Bought a scroll of magic mapping for 66 gold pieces
 44748 | D:13     | Bought a scroll of magic mapping for 52 gold pieces
 44899 | Vaults:4 | Reached skill level 1 in Short Blades
 44916 | Vaults:4 | Reached skill level 2 in Short Blades
 44935 | Vaults:4 | Reached skill level 3 in Short Blades
 44954 | Vaults:4 | Reached skill level 4 in Short Blades
 45019 | Vaults:4 | Reached skill level 5 in Short Blades
 45168 | Vaults:4 | Reached skill level 6 in Short Blades
 45218 | Vaults:4 | Identified the Guide on the Escort (You found it on level 4 of the Vaults)
 45312 | Vaults:4 | Reached skill level 7 in Short Blades
 45436 | Vaults:4 | Noticed Mennas
 45449 | Vaults:4 | Killed Mennas
 45449 | Vaults:4 | Reached skill level 8 in Short Blades
 45568 | Vaults:4 | Reached skill level 9 in Short Blades
 45854 | Vaults:4 | Noticed Mandevil's ghost (mighty MfGl)
 45857 | Vaults:4 | Killed Mandevil's ghost
 45857 | Vaults:4 | Reached skill level 10 in Short Blades
 46319 | D:13     | Bought a scroll of magic mapping for 52 gold pieces
 46320 | D:13     | Got an encrusted hat
 46331 | D:13     | Identified the +2 hat of Depression {*Drain Str+4 Int+3} (You acquired it on level 13 of the Dungeon)
 46533 | Hell     | Reached skill level 11 in Short Blades
 46611 | Hell     | Reached skill level 12 in Short Blades
 46814 | Hell     | Cast into the Abyss (the power of Zot)
 46863 | Abyss:1  | Reached skill level 1 in Necromancy
 47099 | Abyss:1  | Reached skill level 2 in Necromancy
 47211 | Abyss:1  | Reached skill level 3 in Necromancy
 47372 | Abyss:1  | Reached skill level 4 in Necromancy
 47503 | Abyss:1  | Reached skill level 5 in Necromancy
 47551 | Hell     | Escaped the Abyss
 47566 | Hell     | Reached XP level 22. HP: 134/143 MP: 14/43
 47569 | Hell     | Reached skill level 6 in Necromancy
 47658 | Hell     | Found a gateway to the decaying netherworld of Tartarus.
 47735 | Hell     | Found a gateway to the ashen valley of Gehenna.
 47818 | Hell     | Found a gateway to the Iron City of Dis.
 47827 | Hell     | Reached skill level 7 in Necromancy
 47893 | Hell     | Found a gateway to the freezing wastes of Cocytus.
 47991 | Depths:2 | Received a gift from Sif Muna
 48009 | Depths:2 | Upgraded the game from 0.17-a0-1545-gc1bb672 to 0.17-a0-1550-g78a4890
 48128 | Depths:2 | Found a magical portal.
 48213 | WizLab   | Entered Cigotuvi's Fleshworks
 48407 | WizLab   | Paralysed by a giant eyeball for 4 turns
 48415 | WizLab   | Paralysed by a giant eyeball for 3 turns
 48530 | WizLab   | Identified the Catalogue of Changing (You found it in a wizard's laboratory)
 48531 | WizLab   | Identified Cigotuvi's Papyrus of Doomed Transmutation (You found it in a wizard's laboratory)
 48985 | Depths:2 | Noticed Saint Roka
 48990 | Depths:2 | Killed Saint Roka
 49136 | Depths:2 | Reached skill level 15 in Earth Magic
 49168 | Depths:2 | Got a shimmering dagger
 49169 | Depths:2 | Identified the cursed +1 dagger of Festetic {venom, +Blink rPois} (You found it on level 2 of the Depths)
 49243 | Depths:2 | Got a sparkling platinum amulet
 49244 | Depths:2 | Identified the amulet "Pacrurche" {+Rage rPois} (You found it on level 2 of the Depths)
 49295 | Depths:2 | Received a gift from Sif Muna
 49300 | Depths:2 | Gained mutation: You are robust (+10% HP). [potion of beneficial mutation]
 49301 | Depths:2 | Gained mutation: Your flesh is cold resistant. [potion of beneficial mutation]
 49302 | Depths:2 | Identified Oniepn's Guide on Poisonous Sinister Rituals (Sif Muna gifted it to you on level 2 of the Depths)
 49460 | Depths:2 | Found a one-way gate to the infinite horrors of the Abyss.
 49468 | Depths:2 | Noticed Wiglaf
 49493 | Depths:2 | Killed Wiglaf
 49739 | Depths:2 | Learned a level 2 spell: Sublimation of Blood
 49828 | Depths:3 | Reached skill level 18 in Spellcasting
 50243 | Depths:3 | Found a gateway to a ziggurat.
 50455 | Depths:3 | Received a gift from Sif Muna
 50455 | Depths:3 | Reached skill level 16 in Earth Magic
 50455 | Depths:3 | Reached XP level 23. HP: 162/162 MP: 33/45
 50456 | Depths:3 | Identified Sif Muna's Volume of the Escort and the Compass (Sif Muna gifted it to you on level 3 of the Depths)
 50667 | Depths:3 | Noticed Frederick
 50687 | Depths:3 | Found a one-way gate leading to the halls of Pandemonium.
 50694 | Depths:3 | Killed Frederick
 50964 | Depths:4 | Found an ancient bone altar of Kikubaaqudgha.
 50964 | Depths:4 | Noticed an ancient lich
 50974 | Depths:4 | Killed an ancient lich
 51346 | Depths:4 | Got an ivory morningstar
 51516 | Depths:4 | Noticed Boris
 51539 | Depths:4 | Killed Boris
 51583 | Depths:4 | Reached skill level 19 in Spellcasting
 51591 | Depths:4 | Received a gift from Sif Muna
 51594 | Depths:4 | Identified Zuappihi's Collected Works on the Compass (Sif Muna gifted it to you on level 4 of the Depths)
 51711 | Depths:4 | Found a runed door.
 51831 | Depths:4 | Reached skill level 17 in Earth Magic
 51888 | Depths:3 | Identified the +11 morningstar of Dishonour {drain, rElec Str+2} (You found it on level 4 of the Depths)
 52039 | Depths:4 | Got a dazzling dagger
 52058 | Depths:4 | Identified the +6 dagger of Resourcefulness {freeze, rPois rC+} (You found it on level 4 of the Depths)
 52081 | Depths:5 | Entered Level 5 of the Depths
 52326 | Depths:5 | Reached skill level 11 in Invocations
 52467 | Depths:5 | Reached skill level 12 in Invocations
 52976 | Depths:5 | Reached skill level 13 in Invocations
 52999 | Depths:5 | Found a gate to the Realm of Zot.
 53094 | Depths:5 | Reached XP level 24. HP: 169/169 MP: 46/46
 53282 | D:15     | Learned a level 2 spell: Stoneskin
 53289 | D:15     | Learned a level 6 spell: Statue Form
 53300 | D:15     | Learned a level 8 spell: Death's Door
 53416 | D:14     | Bought a bread ration for 50 gold pieces
 53416 | D:14     | Bought a bread ration for 50 gold pieces
 53416 | D:14     | Bought a meat ration for 50 gold pieces
 53416 | D:14     | Bought a meat ration for 50 gold pieces
 53416 | D:14     | Bought a slice of pizza for 15 gold pieces
 53416 | D:14     | Bought a meat ration for 50 gold pieces
 53416 | D:14     | Bought a bread ration for 50 gold pieces
 53416 | D:14     | Bought a bread ration for 50 gold pieces
 53416 | D:14     | Bought a meat ration for 50 gold pieces
 53525 | D:9      | Bought a slice of pizza for 19 gold pieces
 53525 | D:9      | Bought a beef jerky for 19 gold pieces
 53525 | D:9      | Bought a meat ration for 65 gold pieces
 53525 | D:9      | Bought a meat ration for 65 gold pieces
 53525 | D:9      | Bought a meat ration for 65 gold pieces
 53525 | D:9      | Bought a beef jerky for 19 gold pieces
 53727 | Slime:1  | Entered Level 1 of the Pits of Slime
 53872 | Slime:2  | Reached skill level 8 in Necromancy
 54114 | Slime:5  | Reached skill level 9 in Necromancy
 54157 | Slime:6  | Entered Level 6 of the Pits of Slime
 54216 | Slime:6  | Received a gift from Sif Muna
 54217 | Slime:6  | Identified Sif Muna's Compendium of Supportive Displacement (Sif Muna gifted it to you on level 6 of the Pits of Slime)
 54420 | Slime:6  | Reached skill level 10 in Necromancy
 54580 | Slime:6  | Found a viscous altar of Jiyva.
 54665 | Slime:6  | Noticed the royal jelly
 54674 | Slime:6  | Killed the royal jelly
 54674 | Slime:6  | Reached skill level 11 in Necromancy
 54717 | Slime:6  | Got a wavering bone amulet
 54718 | Slime:6  | Identified the amulet of Kuipiewk {Clar MR+ Int-4 Stlth+} (You found it on level 6 of the Pits of Slime)
 54726 | Slime:6  | Got a fine blowgun
 54726 | Slime:6  | Got a warped broad axe
 54749 | Slime:6  | Got a twitching bronze ring
 54749 | Slime:6  | Got a slimy rune of Zot
 54753 | Slime:6  | Identified the Compendium of the Dove (You found it on level 6 of the Pits of Slime)
 54771 | Slime:6  | Identified the cursed +0 blowgun "Janiff" {evade, Str+3} (You found it on level 6 of the Pits of Slime)
 54773 | Slime:6  | Identified the ring of Ifuren {rElec MR+ Str+3 Int+3 Slay-6 Stlth+} (You found it on level 6 of the Pits of Slime)
 54784 | Slime:6  | Identified the +8 broad axe of the Wheel {chop, *Noise rElec rC+ Int+4} (You found it on level 6 of the Pits of Slime)
 54803 | Slime:6  | Got a crude dagger
 54805 | Slime:6  | Identified the +6 dagger of the Forgotten Ships {vamp, *Noise rC+ MP+9} (You found it on level 6 of the Pits of Slime)
 54822 | Slime:6  | Got a bound graven amulet
 54823 | Slime:6  | Identified the amulet of Sodobb {Spirit rC+} (You found it on level 6 of the Pits of Slime)
 55104 | D:9      | Bought 3 fruits for 58 gold pieces
 55185 | D:11     | Bought the ring of Xom's Sleight of Hands {rN+ Str+2} for 561 gold pieces
 55342 | D:15     | Upgraded the game from 0.17-a0-1550-g78a4890 to 0.17-a0-1558-g9d24de5
 55573 | Vaults:5 | Entered Level 5 of the Vaults
 55591 | Vaults:5 | Reached skill level 8 in Translocations
 55611 | Vaults:5 | Received a gift from Sif Muna
 55869 | Vaults:5 | Identified Sif Muna's Disquisition on Malediction
 55904 | Vaults:5 | Reached skill level 9 in Translocations
 56072 | Vaults:5 | Got a silver rune of Zot
 56510 | Vaults:5 | Identified a +9 rod of ignition (10/10) {!a} (You took it off a yaktaur captain on level 5 of the Vaults)
 56532 | Vaults:5 | Reached skill level 20 in Spellcasting
 56614 | Vaults:5 | Reached XP level 25. HP: 136/174 MP: 47/47
 56723 | Vaults:5 | Reached skill level 10 in Translocations
 56753 | Vaults:5 | Received a gift from Sif Muna
 56754 | Vaults:5 | Identified Sif Muna's Collected Works on Necromancy (Sif Muna gifted it to you on level 5 of the Vaults)
 56779 | Vaults:5 | Got a sparkling lead ring
 56784 | Vaults:5 | Identified the ring "Tuoti" {+/*Tele rN+} (You took it off a vault warden on level 5 of the Vaults)
 56798 | Vaults:5 | Identified Sif Muna's Tome of Hurtful Flames (You found it on level 5 of the Vaults)
 56973 | Vaults:5 | Got a bound ivory amulet
 56974 | Vaults:5 | Identified the amulet of the Crown {+Rage rF++} (You found it on level 5 of the Vaults)
 57371 | D:15     | Learned a level 7 spell: Controlled Blink
 57511 | Zot:1    | Entered Level 1 of the Realm of Zot
 57667 | Zot:1    | Reached skill level 7 in Dodging
 57698 | Zot:1    | Reached skill level 8 in Dodging
 57900 | Zot:1    | Noticed an orb of fire
 57932 | Zot:1    | Killed an orb of fire
 57932 | Zot:1    | Reached skill level 9 in Dodging
 58155 | Zot:1    | Reached skill level 14 in Invocations
 58558 | Zot:2    | Reached skill level 4 in Stealth
 58877 | Zot:2    | Reached skill level 5 in Stealth
 59031 | Zot:4    | Reached skill level 10 in Dodging
 59747 | Zot:3    | Reached skill level 11 in Fighting
 59852 | Zot:3    | Reached skill level 6 in Stealth
 59927 | Zot:3    | Reached XP level 26. HP: 185/185 MP: 47/47
 60159 | Zot:5    | Entered Level 5 of the Realm of Zot
 60168 | Zot:5    | Reached skill level 15 in Invocations
 60228 | Zot:5    | Reached skill level 7 in Stealth
 60439 | Zot:5    | Reached skill level 11 in Dodging
 60439 | Zot:5    | Reached skill level 1 in Evocations
 60440 | Zot:5    | Noticed an ancient lich
 60442 | Zot:5    | Killed an ancient lich
 60574 | Zot:5    | Noticed an ancient lich
 60581 | Zot:5    | Killed an ancient lich
 60612 | Zot:5    | Noticed an orb of fire
 60620 | Zot:5    | Killed an orb of fire
 60620 | Zot:5    | Reached skill level 10 in Summonings
 60620 | Zot:5    | Reached skill level 2 in Evocations
 60692 | Zot:5    | Noticed an orb of fire
 60693 | Zot:5    | Reached skill level 8 in Stealth
 60705 | Zot:5    | Killed an orb of fire
 60731 | Zot:5    | Reached skill level 12 in Fighting
 60755 | Zot:5    | Noticed an ancient lich
 60760 | Zot:5    | Killed an ancient lich
 60860 | Zot:5    | Noticed an orb of fire
 60867 | Zot:5    | Killed an orb of fire
 60867 | Zot:5    | Reached skill level 5 in Shields
 60936 | Zot:5    | Reached skill level 3 in Evocations
 60940 | Zot:5    | Noticed an ancient lich
 60951 | Zot:5    | Killed an ancient lich
 61059 | Zot:5    | Noticed an ancient lich
 61063 | Zot:5    | Killed an ancient lich
 61131 | Zot:5    | Noticed an orb of fire
 61159 | Zot:5    | Killed an orb of fire
 61162 | Zot:5    | Reached skill level 9 in Stealth
 61197 | Zot:5    | Reached skill level 12 in Dodging
 61217 | Zot:5    | Received a gift from Sif Muna
 61218 | Zot:5    | Identified Sif Muna's Reference Book on Stolen Souls (Sif Muna gifted it to you on level 5 of the Realm of Zot)
 61282 | Zot:5    | Reached skill level 16 in Invocations
 61282 | Zot:5    | Reached XP level 27. HP: 196/196 MP: 47/47
 61346 | Zot:5    | Reached skill level 12 in Necromancy
 61375 | Zot:5    | Reached skill level 11 in Translocations
 61489 | Zot:4    | Reached skill level 4 in Evocations
 61922 | D:15     | Upgraded the game from 0.17-a0-1558-g9d24de5 to 0.17-a0-1562-g9b2c768
 62148 | Crypt:1  | Entered Level 1 of the Crypt
 62280 | Crypt:3  | Entered Level 3 of the Crypt
 62371 | Crypt:3  | Identified the Grimoire of Congealing Blows and Bruises (You found it on level 3 of the Crypt)
 62594 | Crypt:3  | Found a staircase to the Tomb.
 62812 | Crypt:3  | Received a gift from Sif Muna
 62814 | Crypt:3  | Reached skill level 21 in Spellcasting
 62874 | Crypt:3  | Identified a +4 rod of clouds (14/14) {!a} (You took it off a vampire on level 3 of the Crypt)
 62881 | Crypt:3  | Found an ancient bone altar of Kikubaaqudgha.
 62883 | Crypt:3  | Found a basalt altar of Yredelemnul.
 62913 | Crypt:3  | Identified Cigotuvi's Papyrus of Unholy Rites (You found it on level 3 of the Crypt)
 62913 | Crypt:3  | Identified the Papyrus of Translocation and Enhancements (You found it on level 3 of the Crypt)
 62971 | Tomb:1   | Entered Level 1 of the Tomb of the Ancients
 64067 | Zig:1    | Entered Level 1 of a ziggurat
 64084 | Zig:2    | Entered Level 2 of a ziggurat
 64148 | Zig:2    | Received a gift from Sif Muna
 64148 | Zig:2    | Reached skill level 22 in Spellcasting
 64157 | Zig:3    | Entered Level 3 of a ziggurat
 64195 | Zig:3    | Gained mutation: Your spells are harder to cast, but more powerful. [potion of beneficial mutation]
 64202 | Zig:4    | Entered Level 4 of a ziggurat
 64269 | Zig:5    | Entered Level 5 of a ziggurat
 64333 | Zig:6    | Entered Level 6 of a ziggurat
 64407 | Zig:6    | Got an encrusted quarterstaff
 64408 | Zig:6    | Identified the +8 quarterstaff "Nusiuti" {vamp, +Fly} (You found it on level 6 of a ziggurat)
 64410 | Zig:6    | Identified a +3 rod of shadows (13/13) (You found it on level 6 of a ziggurat)
 64420 | Zig:7    | Entered Level 7 of a ziggurat
 64456 | Zig:7    | Received a gift from Sif Muna
 64461 | Zig:7    | Identified Suonledu's Grimoire of the Icy Entourage (Sif Muna gifted it to you on level 7 of a ziggurat)
 64529 | Zig:8    | Entered Level 8 of a ziggurat
 64611 | Zig:9    | Entered Level 9 of a ziggurat
 64711 | Zig:10   | Entered Level 10 of a ziggurat
 64846 | Zig:10   | Got a bound iron ring
 64848 | Zig:10   | Identified the ring "Xagah" {*Corrode rN+ MP+9 Str+4 Stlth+} (You found it on level 10 of a ziggurat)
 64853 | Zig:10   | Identified a +3 rod of clouds (13/13) (You found it on level 10 of a ziggurat)
 64855 | Zig:10   | Got a crystal quarterstaff
 64856 | Zig:10   | Identified the cursed +1 quarterstaff of Terror {venom, rPois rF+} (You found it on level 10 of a ziggurat)
 64869 | Zig:11   | Entered Level 11 of a ziggurat
 64911 | Zig:11   | Noticed Leqisch the pandemonium lord
 64918 | Zig:11   | Got a scorched steel ring
 64919 | Zig:11   | Reached skill level 23 in Spellcasting
 64948 | Depths:3 | Identified the ring of Xom's Sleight of Hands {rPois Str+4 Dex+2 Stlth+} (You found it on level 11 of a ziggurat)
 64961 | Depths:3 | Learned a level 8 spell: Necromutation
 64980 | Depths:3 | Reached skill level 1 in Transmutations
 65006 | Depths:3 | Learned a level 6 spell: Dispersal
 65071 | Pan      | Entered Pandemonium
 65077 | Pan      | Reached skill level 2 in Transmutations
 65089 | Pan      | Reached skill level 3 in Transmutations
 65108 | Pan      | Noticed Mareth the pandemonium lord
 65117 | Pan      | Killed Mareth the pandemonium lord
 65117 | Pan      | Reached skill level 4 in Transmutations
 65272 | Pan      | Reached skill level 5 in Transmutations
 65292 | Pan      | Received a gift from Sif Muna
 65322 | Pan      | Identified Dauczumiu's Volume of Ice (Sif Muna gifted it to you in Pandemonium)
 65356 | Pan      | Noticed Eburreri the pandemonium lord
 65365 | Pan      | HP: 19/196 [??? (12)]
 65366 | Pan      | Reached skill level 6 in Transmutations
 65368 | Pan      | Killed Eburreri the pandemonium lord
 65375 | Pan      | Reached skill level 7 in Transmutations
 65620 | Pan      | Found a glowing golden altar of the Shining One.
 65620 | Pan      | Noticed a seraph
 65628 | Pan      | Got a clouded bronze ring
 65628 | Pan      | Got a demonic rune of Zot
 65634 | Pan      | Reached skill level 8 in Transmutations
 65665 | Pan      | Identified a ring "Vevauroo" {rElec rN+ MR++ SInv} (You found it in Pandemonium)
 65766 | Pan      | Reached skill level 9 in Transmutations
 65854 | Pan      | Reached skill level 10 in Transmutations
 65942 | Pan      | Received a gift from Sif Muna
 65956 | Pan      | Identified Sif Muna's Tome of Protection and Translocation (Sif Muna gifted it to you in Pandemonium)
 66027 | Pan      | Reached skill level 11 in Transmutations
 66104 | Pan      | Found a glowing silver altar of Zin.
 66211 | Pan      | Reached skill level 12 in Transmutations
 66308 | Pan      | Found a white marble altar of Elyvilon.
 66348 | Pan      | Reached skill level 13 in Transmutations
 66383 | Pan      | Received a gift from Sif Muna
 66384 | Pan      | Identified Sif Muna's Collected Works on Battle Magic and Poisoning (Sif Muna gifted it to you in Pandemonium)
 67160 | Pan      | Found an exit through the horrors of the Abyss.
 67275 | Pan      | Noticed Cyssahiu the pandemonium lord
 67285 | Pan      | Killed Cyssahiu the pandemonium lord
 67317 | Depths:3 | Escaped Pandemonium
 67336 | Pan      | Entered Pandemonium
 67343 | Pan      | Reached skill level 10 in Stealth
 67509 | Pan      | Entered the realm of Cerebov.
 67625 | Pan      | Received a gift from Sif Muna
 67740 | Pan      | Reached skill level 24 in Spellcasting
 67753 | Pan      | Noticed Cerebov
 67766 | Pan      | Killed Cerebov
 67833 | Pan      | Got a crude pewter ring
 67836 | Pan      | Identified the ring of Doomouti {rC- Dex+4 Stlth+} (You took it off a balrug in Pandemonium)
 67890 | Pan      | Got a fiery rune of Zot
 67901 | Pan      | Got a slimy silver ring
 67903 | Pan      | Identified the ring "Hucwel" {+Fly rPois rC+ rN++ MR-} (You found it in Pandemonium)
 68397 | Pan      | Received a gift from Sif Muna
 68407 | Pan      | Learned a level 5 spell: Aura of Abjuration
 68478 | Pan      | Noticed Xuxuaq Xyne the pandemonium lord
 68488 | Pan      | Killed Xuxuaq Xyne the pandemonium lord
 68817 | Pan      | Found an exit through the horrors of the Abyss.
 68877 | Pan      | Noticed Opaytomp the pandemonium lord
 68878 | Pan      | Killed Opaytomp the pandemonium lord
 68878 | Pan      | Reached skill level 25 in Spellcasting
 69368 | Pan      | Upgraded the game from 0.17-a0-1562-g9b2c768 to 0.17-a0-1567-gdd419b1
 69401 | Pan      | Noticed Ofenep the pandemonium lord
 69406 | Pan      | Killed Ofenep the pandemonium lord
 69406 | Pan      | Received a gift from Sif Muna
 69407 | Pan      | Identified Waannes's Compendium of the Excruciating Glacier (Sif Muna gifted it to you in Pandemonium)
 69441 | Pan      | Noticed Fanwiepeq the pandemonium lord
 69542 | Pan      | Got a brightly glowing platinum ring
 69544 | Pan      | Identified the cursed ring of Ikatzent {*Contam rN+ Int+9 Slay-4} (You took it off an angel in Pandemonium)
 69596 | Pan      | Reached skill level 12 in Charms
 69624 | Pan      | Got a crystal scimitar
 69625 | Pan      | Identified the +3 scimitar of Defenestration {slice, *Corrode +Rage rElec Str+8} (You found it in Pandemonium)
 69720 | Pan      | Found an exit through the horrors of the Abyss.
 69769 | Pan      | Entered the realm of Gloorx Vloq.
 70011 | Pan      | Found an exit through the horrors of the Abyss.
 70224 | Pan      | Reached skill level 12 in Translocations
 70231 | Pan      | Reached skill level 13 in Necromancy
 70278 | Pan      | Received a gift from Sif Muna
 70280 | Pan      | Identified Sif Muna's Catalogue of Congealing Damage Dealing (Sif Muna gifted it to you in Pandemonium)
 70363 | Pan      | Noticed Gloorx Vloq
 70370 | Pan      | Killed Gloorx Vloq
 70401 | Pan      | Got a dark rune of Zot
 70544 | Pan      | Entered the realm of Lom Lobon.
 70544 | Pan      | Noticed Lom Lobon
 70556 | Pan      | Got a magical rune of Zot
 70642 | Pan      | Got a steaming ruby amulet
 70643 | Pan      | Identified the amulet "Zealiux" {Ward rN+ MP+9 Dex-2 Slay+2 Stlth+} (You found it in Pandemonium)
 70707 | Pan      | Found an exit through the horrors of the Abyss.
 70728 | Pan      | Reached skill level 13 in Charms
 70827 | Pan      | Noticed Lom Lobon
 71203 | Pan      | Found an exit through the horrors of the Abyss.
 71357 | Pan      | Received a gift from Sif Muna
 71358 | Pan      | Identified Sif Muna's Grimoire of Ice (Sif Muna gifted it to you in Pandemonium)
 71393 | Pan      | Reached skill level 13 in Fighting
 71525 | Pan      | Noticed Ujot the pandemonium lord
 71531 | Pan      | Killed Ujot the pandemonium lord
 71617 | Pan      | Found an exit through the horrors of the Abyss.
 71628 | Pan      | Noticed Tief the pandemonium lord
 71927 | Pan      | Found an exit through the horrors of the Abyss.
 72062 | Depths:3 | Escaped Pandemonium
 72079 | Pan      | Entered Pandemonium
 72092 | Pan      | Found an exit through the horrors of the Abyss.
 72210 | Pan      | Found a huge runed gate.
 72303 | Pan      | Noticed Opti the pandemonium lord
 72308 | Pan      | Killed Opti the pandemonium lord
 72324 | Pan      | Reached skill level 11 in Stealth
 72324 | Pan      | Reached skill level 14 in Necromancy
 72371 | Depths:3 | Escaped Pandemonium
 72384 | Pan      | Entered the realm of Mnoleg.
 72384 | Pan      | Entered Pandemonium
 72384 | Pan      | Noticed Mnoleg
 72388 | Pan      | Got a glowing rune of Zot
 72390 | Pan      | Noticed Lom Lobon
 72574 | Pan      | Killed Lom Lobon
 72574 | Pan      | Reached skill level 13 in Translocations
 72665 | Pan      | Found an exit through the horrors of the Abyss.
 72689 | Pan      | Took an exit into the Abyss.
 72689 | Abyss:1  | Escaped into the Abyss
 72694 | Abyss:1  | Found a corrupted altar of Lugonu.
 73235 | Abyss:2  | Reached skill level 13 in Dodging
 73299 | Abyss:3  | Got an abyssal rune of Zot
 73399 | Depths:3 | Escaped the Abyss
 73411 | Depths:3 | Learned a level 8 spell: Borgnjor's Revivification
 73487 | Coc:1    | Entered Level 1 of Cocytus
 73683 | Coc:7    | Entered Level 7 of Cocytus
 74029 | Coc:7    | Received a gift from Sif Muna
 74055 | Coc:7    | Reached skill level 12 in Stealth
 74159 | Coc:7    | Noticed Antaeus
 74191 | Coc:7    | Killed Antaeus
 74217 | Coc:7    | Got an icy rune of Zot
 74376 | Dis:1    | Entered Level 1 of the Iron City of Dis
 74639 | Dis:7    | Entered Level 7 of the Iron City of Dis
 74680 | Dis:7    | Reached skill level 17 in Invocations
 74764 | Dis:7    | Reached skill level 14 in Fighting
 74855 | Dis:7    | Reached skill level 13 in Stealth
 74952 | Dis:7    | Identified the Handbook of Blistering Arcane Weapons (You found it on level 7 of the Iron City of Dis)
 75138 | Dis:7    | Got a shimmering shield
 75139 | Dis:7    | Identified the cursed -2 shield of the Orb {rElec Int+3} (You found it on level 7 of the Iron City of Dis)
 75368 | Dis:7    | Received a gift from Sif Muna
 75372 | Dis:7    | Identified Sif Muna's Volume of Harmful Ice (Sif Muna gifted it to you on level 7 of the Iron City of Dis)
 75387 | Dis:7    | Reached skill level 11 in Summonings
 75484 | Dis:7    | Noticed Dispater
 75489 | Dis:7    | Got an iron rune of Zot
 75759 | Tar:1    | Entered Level 1 of Tartarus
 75778 | Tar:1    | Reached skill level 15 in Necromancy
 76002 | Tar:7    | Entered Level 7 of Tartarus
 76031 | Tar:7    | Noticed an ancient lich
 76036 | Tar:7    | Killed an ancient lich
 76036 | Tar:7    | Reached skill level 14 in Dodging
 76088 | Tar:7    | Reached skill level 14 in Transmutations
 76128 | Tar:7    | Got a smoking zirconium amulet
 76131 | Tar:7    | Identified the amulet "Gelavuw" {Gourm rF+ Str+4} (You found it on level 7 of Tartarus)
 76196 | Tar:7    | Reached skill level 14 in Stealth
 76322 | Tar:7    | Reached skill level 14 in Charms
 76497 | Tar:7    | Got a slimy copper ring
 76498 | Tar:7    | Identified the ring of the Many Realms {Wiz Int+3 Slay+5} (You found it on level 7 of Tartarus)
 76635 | Tar:7    | Got a pitted brass ring
 76635 | Tar:7    | Identified Lehudib's Volume of Frigorific Combat Magic (You found it on level 7 of Tartarus)
 76635 | Tar:7    | Identified the Handbook of Enchantment (You found it on level 7 of Tartarus)
 76639 | Tar:7    | Identified the ring of the Present {Wiz *Confuse +Inv Dex+3} (You found it on level 7 of Tartarus)
 76931 | Tar:7    | Noticed Ereshkigal
 76936 | Tar:7    | Got a bone rune of Zot
 77062 | Geh:1    | Entered Level 1 of Gehenna
 77217 | Geh:4    | Reached skill level 15 in Stealth
 77358 | Geh:7    | Entered Level 7 of Gehenna
 77431 | Geh:7    | Reached skill level 15 in Fighting
 77486 | Geh:7    | Reached skill level 18 in Invocations
 77520 | Geh:7    | Noticed the Serpent of Hell
 77534 | Geh:7    | Killed the Serpent of Hell
 77702 | Geh:7    | Got a crystal lajatang
 77703 | Geh:7    | Identified the +3 lajatang of Liwag {pain, +Inv MR+ Int-2} (You found it on level 7 of Gehenna)
 77767 | Geh:7    | Reached skill level 14 in Translocations
 77794 | Geh:7    | Noticed Asmodeus
 77811 | Geh:7    | Got a heavily runed granite ring
 77811 | Geh:7    | Got an obsidian rune of Zot
 77892 | Hell     | Identified the ring of Utaupn {Wiz rF++} (You found it on level 7 of Gehenna)
 77895 | Hell     | Upgraded the game from 0.17-a0-1567-gdd419b1 to 0.17-a0-1570-g74b7129
 78184 | D:9      | Bought a legendary deck of wonders for 364 gold pieces
 78184 | D:9      | Hired Courchyw the deep elf conjurer for 614 gold.
 78185 | D:9      | Drew Focus: Int increased to 29, Str decreased to 7
 78187 | D:9      | Hired Ufeocwy the black draconian for 1203 gold.
 78635 | Tomb:2   | Noticed an ancient lich
 78639 | Tomb:1   | Your ally Courchyw died
 78746 | Tomb:1   | Reached skill level 16 in Necromancy
 78747 | Tomb:1   | Reached skill level 15 in Dodging
 78892 | Tomb:1   | Received a gift from Sif Muna
 78892 | Tomb:1   | Reached skill level 16 in Stealth
 78894 | Tomb:1   | Killed an ancient lich
 78899 | Tomb:1   | Identified Sif Muna's Handbook of Cold (Sif Muna gifted it to you on level 1 of the Tomb of the Ancients)
 79207 | Tomb:3   | Entered Level 3 of the Tomb of the Ancients
 79217 | Tomb:3   | Noticed an ancient lich
 79231 | Tomb:3   | Got a golden rune of Zot
 79990 | Zot:5    | Got the Orb of Zot
 80000 | Zot:5    | Noticed Hitwof the pandemonium lord
 80006 | Zot:5    | Killed Hitwof the pandemonium lord
 80026 | Zot:5    | Noticed an ancient lich
 80221 | Depths:3 | Noticed Hilumies the pandemonium lord
 80240 | Depths:3 | Killed Hilumies the pandemonium lord
 80545 | D:7      | Noticed flt's ghost (experienced HOFi)
 80546 | D:7      | Killed flt's ghost
 80644 | D:$      | Escaped with the Orb!

Vault maps used:
D:1:      dpeg_arrival_signposts
D:2:      grunt_temple_overflow_order_and_chaos_2, tso_altar
D:3:      fedhas_altar_fruit_tree, yredelemnul_altar_generic, first_bread,
          uniq_grinder
D:4:      uniq_robin
D:5:      trog_wizard
D:6:      minmay_temple_entry_statues_pillars, uniq_menkaure, uniq_blork_the_orc
D:7:      serial_shops, shop, nicolae_shop_waterfront,
          grunt_ashenzari_visionary, uniq_joseph
D:8:      amethyst_overflow_temple_binary, lair_0_dummy, grunt_ogre_cave
D:9:      serial_shops, nicolae_shop_window_shopping, shop, kennysheep_mini
D:10:     serial_shops, shop_fountains
D:11:     zombieorc1_lemuel, serial_shops, shop
D:12:     hangedman_abyss_or_decor_stagger
D:13:     erik_vaults_1, serial_shops, shop, uniq_urug
D:14:     serial_shops, nicolae_shop_stone, serial_co_window_serial,
          co_window_paths_a, co_window_paths_b, co_window_corner_a,
          co_window_paths_a, co_window_paths_b, co_window_paths_b,
          co_window_cross_4, co_window_paths_c, co_window_corner_cb,
          co_window_corner_ca, co_window_cross_3, co_window_corner_b,
          glass_columns_a, glass_columns_a, minmay_misc_feat_rugged,
          uniq_roxanne, uniq_azrael
D:15:     grunt_enter_depths_hoard, nicolae_two_hexagons, enter_trove_0,
          evilmike_minifort, uniq_agnes
Temple:   circular_temple_12
Lair:2:   lab_entry_generic
Lair:3:   cheibrodos_magma_flow, shoals_dummy_entry,
          guppyfry_snake_entry_island, cheibrodos_lair_caveside_slide,
          serial_bayou_shore_b, infiniplex_staircase_pool_2,
          serial_bayou_shore_a
Lair:4:   serial_bayou_crossing, uniq_maud
Lair:5:   nicolae_volcano_entry_lava_flow, st_stairs_9,
          nicolae_lair_grove_arrangements, minivault_26, wad_woods_03,
          uniq_kirke
Lair:6:   minmay_slime_entry_pillars, uniq_nessos
Lair:8:   grunt_lair_end_beastmaster
Shoals:1: nicolae_alphabet_shops
Shoals:2: serial_shops, shop
Shoals:4: shoals_end_simple, shoals_ilsuiw_alternative, uniq_polyphemus
Snake:1:  serial_bayou_shore_b, uniq_aizul
Snake:2:  serial_shops, statue_bzr, nicolae_shop_behind_doors, shop, shop
Snake:3:  cheibrodos_snake_ritualist_ritual, hangedman_corner_corridor,
          lemuel_fruit_tree
Snake:4:  grunt_snake_rune_pools, basic_altar, hangedman_snake_wide_pillar_pass,
          uniq_vashnia
Slime:5:  nicolae_slime_welcoming_committee
Orc:1:    portal_ice_cave_entry_ice_beasts
Orc:2:    basic_altar, amalloy_card_club
Orc:3:    serial_shops, shop, basic_altar, nicolae_orc_pool_cavern, uniq_donald,
          uniq_erolcha
Orc:4:    grunt_orc_gardens, grunt_orc_garden, grunt_orc_garden,
          grunt_orc_garden, grunt_orc_garden
Elf:1:    eino_elf_arrival_shootout, minmay_elf_necromancy, hex_large,
          hangedman_elf_targetted_burst
Elf:2:    serial_glass, glass_columns_c, glass_columns_a, uniq_louise,
          uniq_jorgrun, uniq_asterion
Elf:3:    minmay_elf_hall_circle, minivault_14
Vaults:1: nicolae_vaults_circle_grid_b, grunt_vaults_hallway_long,
          vaults_mumra_minichess, vaults_room_semicircle, kb_rosetta,
          hangedman_vaults_nodes, v_misc_32, dpeg_vaults_monster_row,
          v_alt_pattern_2, nicolae_vaults_yaktaur_gun_rack
Vaults:2: nicolae_vaults_diagonal_hallway_8, hangedman_vaults_maws,
          nicolae_vaults_theta, nicolae_vaults_quartermaster,
          nicolae_vaults_border_crossing, grunt_vaults_diagonal,
          dpeg_vaults_monster_box, v_misc_12, ontoclasm_vaults_tryst,
          hangedman_vaults_pinch, vaults_dpeg_cross, vaults_room_ringed_pool,
          v_pattern_1, v_misc_14, vaults_dpeg_encased_lava, serial_shops,
          nicolae_shop_waterfront
Vaults:3: vaults_standard_mumra_lines, hangedman_vaults_impose,
          vaults_room_pool, hangedman_vaults_trim,
          nicolae_vaults_little_squares_1, ontoclasm_vaults_shuriken,
          ontoclasm_vaults_ligature, hangedman_vaults_nails,
          vaults_room_door_ring, hangedman_vaults_locks,
          minmay_crypt_entry_simple_box
Vaults:4: vaults_room_pool, vaults_room_glass_cross, vaults_room_grid,
          v_alt_pattern_3, v_rooms_3, nicolae_vaults_rhombus_6,
          vaults_room_grunt_arrival_checkpoint, vaults_room_stairs_pillars,
          nicolae_vaults_circle_grid_a, vaults_room_semicircle, uniq_mennas
Crypt:1:  minmay_misc_feat_rows, serial_sigils_hangedman_shear
Crypt:2:  basic_altar, basic_stair_grate_trap
Crypt:3:  lightli_unholy_cathedral,
          nicolae_tomb_entry_unfolded_pyramid_diagonal,
          serial_sigils_hangedman_snap, nicolae_crypt_ancient_font
Depths:1: serial_glass, glass_columns_a, glass_columns_a, glass_columns_a,
          glass_columns_a, grunt_hell_entry_dis_grunt,
          kennysheep_generic_room_14
Depths:2: minmay_fractal_lines_corner, nicolae_abyss_entry_one_way_or_another,
          hell_entry, hangedman_decor_peaks_small,
          infiniplex_enter_wizlab_water, grunt_megastairs_2,
          infiniplex_staircase_door_maze, serial_bayou_shore_b, uniq_wiglaf,
          uniq_saint_roka
Depths:3: minmay_crescents, enter_ziggurat_c, rand_demon_pan_entry_5,
          hell_entry, grunt_decor_cap, serial_column_ruins, column_ruins_hut,
          column_ruins_columns_straight, column_ruins_columns_corner,
          column_ruins_corridor_straight, column_ruins_grid_1,
          column_ruins_corridor_plus, column_ruins_open_tiny,
          column_ruins_columns_corner, minmay_misc_feat_more_columns,
          uniq_frederick
Depths:4: evilmike_negative_zone, roderic_lattice_octagonal_star,
          marbit_kobold_abyss_entry, special_room, hell_entry, minivault_1,
          kennysheep_treasure_room, minmay_staircase_statues, uniq_boris
Depths:5: grunt_zot_entry_bicorn, serial_glass, glass_columns_a,
          glass_columns_a, glass_columns_a, glass_columns_b, grunt_metal_band,
          serial_bayou_shore_b, grunt_megastairs_4
Dis:1:    hangedman_dis_decor_tower, nicolae_dis_hell_towers
Dis:2:    nicolae_dis_iron_filings, hangedman_player_shredder
Dis:5:    lightli_tower_of_babel, hangedman_dis_decor_blocks_talon
Dis:6:    grunt_megastairs_3
Dis:7:    iron_city_of_dis
Geh:3:    nicolae_geh_sunburst
Geh:7:    geh_mu
Coc:7:    coc_old
Tar:1:    nicolae_tar_cuneiform_oil
Tar:4:    hangedman_damned_closets, nicolae_tar_cuneiform_sun
Tar:7:    tar_old
Zot:2:    hangedman_zot_decor_slant
Zot:3:    lemuel_halls_of_wrath
Zot:4:    nicolae_moth_party
Abyss:1:  due_exit_kobolds, hangedman_summoners_spam
Abyss:3:  nicolae_abyss_rune_containment_breach
Pan:      nicolae_pan_diamonds, rand_demon_8, grunt_pan_sceptre,
          evilmike_holy_pan, evilmike_mini_pan_thingy, pan_blood_fountain_small,
          grunt_pan_zigzag, evilmike_mini_pan_layers,
          nicolae_pan_cerebovesque_1, nicolae_pan_glass_arcs,
          pan_blood_fountain, nicolae_pan_mnolegish_3, grunt_pan_sceptre,
          rand_demon_1, grunt_pan_frozen_over, cerebov_grunt, grunt_pan_spiral,
          pan_blood_fountain_2, nicolae_pan_mnolegish_2, nicolae_pan_sigil_eeng,
          grunt_pan_zigzag, lemuel_draining_boxes, nicolae_pan_lom_lobonic_4,
          evilmike_mini_pan_pillars, grunt_pan_sceptre, enter_ziggurat_pan_b,
          lemuel_hellion_island, evilmike_mini_pan_pillars, rand_demon_2,
          pan_blood_fountain_small, pan_blood_fountain, nicolae_pan_sigil_itan,
          nicolae_pan_mnolegish_2, evilmike_mini_pan_layers,
          pan_blood_fountain_small, nicolae_pan_cerebovesque_4,
          grunt_pan_sceptre, pan_blood_fountain, rand_demon_7,
          grunt_pan_sceptre, pan_blood_fountain_small, reaverb_pan_chaos_star,
          evilmike_mini_pan_layers, nicolae_pan_lom_lobonic_4, pan_surprise,
          evilmike_mini_pan_pillars, pan_blood_fountain_small,
          nicolae_pan_gloorx_vloqian_2, nicolae_pan_sigil_obb, rand_demon_8,
          evilmike_gloorx_vloq_box, nicolae_pan_sigil_nadil, rand_demon_4,
          pan_blood_fountain_small, lom_lobon_spiral_st, nicolae_pan_sigil_itan,
          rand_demon_1, pan_blood_fountain, nicolae_pan_sigil_uleosi,
          nicolae_pan_sick_transit, nicolae_pan_cerebovesque_3, rand_demon_1,
          uniq_lom_lobon, nicolae_pan_diamonds, nicolae_pan_sigil_itan,
          lemuel_hall_of_pain, uniq_lom_lobon, pan_blood_fountain,
          evilmike_mini_pan_pillars, uniq_lom_lobon, pan_blood_fountain_2,
          nicolae_pan_cerebovesque_3, rand_demon_9, rand_demon_1,
          pan_blood_fountain_small, grunt_pan_zigzag, nicolae_pan_mnolegish_1,
          evilmike_mini_pan_pillars_b, nicolae_pan_strange_glyphs,
          nicolae_pan_lom_lobonic_4, nicolae_pan_sigil_obb, rand_demon_7,
          pan_blood_fountain_small, nicolae_pan_giant_door,
          pan_blood_fountain_2, pan_blood_fountain, evilmike_mini_pan_pillars,
          mnoleg_st, uniq_lom_lobon, nicolae_pan_gloorx_vloqian_3
Zig:9:    ziggurat_loot_1
Lab:      labyrinth_spiral, nicolae_lab_quarters
Bazaar:   dpeg_bazaar_wands
Trove:    trove_weapons_four_rooms
IceCv:    ice_cave_small_dragons
Volcano:  volcano_grotto
WizLab:   wizlab_cigotuvi

Action                   |  1- 3 |  4- 6 |  7- 9 | 10-12 | 13-15 | 16-18 | 19-21 | 22-24 | 25-27 || total
-------------------------+-------+-------+-------+-------+-------+-------+-------+-------+-------++-------
Melee: Unarmed           |    38 |       |       |       |       |       |     1 |       |       ||    39
       Short sword       |     7 |    57 |   120 |       |       |       |       |       |       ||   184
       Flail             |       |       |     8 |       |       |       |       |       |       ||     8
       Quarterstaff      |       |       |    30 |     4 |       |       |       |       |       ||    34
       Long sword        |       |       |       |    49 |    75 |    54 |       |       |       ||   178
       Dagger            |       |       |       |     7 |     5 |       |       |       |       ||    12
       Quick blade       |       |       |       |       |       |       |    81 |    18 |       ||    99
       Rapier            |       |       |       |       |       |       |    53 |   122 |    93 ||   268
       Eudemon blade     |       |       |       |       |       |       |       |       |    20 ||    20
Throw: Tomahawk          |       |       |     1 |       |       |       |       |       |       ||     1
 Cast: Magic Dart        |    15 |     3 |    20 |   185 |   423 |       |       |       |       ||   646
       Searing Ray       |     6 |    10 |    51 |    59 |    72 |       |       |       |       ||   198
       Iskenderun's Myst |       |       |     7 |    62 |   180 |       |       |       |       ||   249
       Iskenderun's Batt |       |       |       |    61 |   151 |       |       |       |       ||   212
       Dazzling Spray    |       |       |       |     2 |       |       |       |       |       ||     2
       Repel Missiles    |       |       |       |       |     1 |     6 |       |       |       ||     7
       Swiftness         |       |       |       |       |     1 |       |       |       |       ||     1
       Poison Arrow      |       |       |       |       |    28 |       |       |       |       ||    28
       Iron Shot         |       |       |       |       |    14 |   283 |   307 |   161 |       ||   765
       Spellforged Servi |       |       |       |       |     7 |   129 |   148 |   119 |   349 ||   752
       Bolt of Cold      |       |       |       |       |     5 |       |       |       |       ||     5
       Apportation       |       |       |       |       |       |    73 |    73 |   116 |   199 ||   461
       Shock             |       |       |       |       |       |     2 |       |    27 |       ||    29
       Haste             |       |       |       |       |       |    43 |   108 |   103 |   335 ||   589
       Regeneration      |       |       |       |       |       |    17 |    27 |    19 |    59 ||   122
       Ozocubu's Armour  |       |       |       |       |       |    20 |    36 |    20 |       ||    76
       Deflect Missiles  |       |       |       |       |       |     3 |     3 |     1 |    11 ||    18
       Passage of Golubr |       |       |       |       |       |     2 |       |       |       ||     2
       Shroud of Golubri |       |       |       |       |       |       |     8 |    43 |   200 ||   251
       Phase Shift       |       |       |       |       |       |       |     7 |    45 |   216 ||   268
       Lehudib's Crystal |       |       |       |       |       |       |     4 |    92 |   874 ||   970
       Blink             |       |       |       |       |       |       |     1 |     2 |       ||     3
       Sublimation of Bl |       |       |       |       |       |       |       |     1 |       ||     1
       Stoneskin         |       |       |       |       |       |       |       |    24 |    73 ||    97
       Summon Butterflie |       |       |       |       |       |       |       |     7 |       ||     7
       Death's Door      |       |       |       |       |       |       |       |     1 |     2 ||     3
       Necromutation     |       |       |       |       |       |       |       |       |   173 ||   173
       Controlled Blink  |       |       |       |       |       |       |       |       |    31 ||    31
       Aura of Abjuratio |       |       |       |       |       |       |       |       |    28 ||    28
Invok: Channel Energy    |       |       |    33 |   421 |   872 |   979 |   946 |   851 |  3695 ||  7797
       Forget Spell      |       |       |       |       |     3 |     3 |       |     2 |     4 ||    12
 Abil: Evoke Flight      |       |       |       |       |     1 |       |       |       |     2 ||     3
       End Transformatio |       |       |       |       |       |       |       |       |    18 ||    18
Evoke: Wand              |       |       |     3 |     4 |    10 |    11 |     1 |     5 |    42 ||    76
       Deck              |       |       |       |       |       |     6 |    14 |       |     7 ||    27
  Use: Scroll            |     3 |    10 |     6 |     9 |    16 |    16 |    17 |    18 |    91 ||   186
       Potion            |       |     1 |       |     5 |     2 |     3 |     4 |     6 |    27 ||    48
 Stab: Sleeping          |     4 |     8 |    13 |     4 |       |     2 |       |     3 |     2 ||    36
       Distracted        |       |       |       |       |       |       |       |     1 |     3 ||     4
  Eat: Chunk             |     1 |     5 |    19 |    82 |   181 |   262 |   211 |   112 |   167 ||  1040
       Fruit             |       |       |       |     4 |     7 |       |    10 |     3 |     9 ||    33
       Beef jerky        |       |       |       |     8 |     3 |     4 |     4 |     4 |     4 ||    27
       Pizza             |       |       |       |       |     4 |     2 |     2 |     2 |     5 ||    15
       Royal jelly       |       |       |       |       |     2 |     2 |     3 |     2 |     6 ||    15
       Bread ration      |       |       |       |       |       |     7 |     6 |     5 |    12 ||    30
       Meat ration       |       |       |       |       |       |     1 |     4 |     6 |     9 ||    20

Table legend:
 A = Turns spent in this place as a percentage of turns spent in the entire game.
 B = Non-inter-level travel turns spent in this place as a percentage of non-inter-level travel turns spent in the entire game.
 C = Inter-level travel turns spent in this place as a percentage of turns spent in this place.
 D = Turns resting spent in this place as a percentage of non-inter-level travel turns spent in this place.
 E = Turns spent auto-exploring this place as a percentage of non-inter-level travel turns spent in this place.
 F = Non-inter-level travel turns spent in this place divided by the number of levels of this place that you've seen.
                   A       B       C       D       E      F
               +-------+-------+-------+-------+-------+----------------------
         Total | 100.0 | 100.0 |   0.5 |   0.1 |   0.1 | 400.6
       Dungeon |  17.0 |  16.9 |   1.0 |   0.2 |   0.2 | 717.9
        Temple |   0.1 |   0.1 |   2.2 |   0.0 |   0.0 |  45.0
          Lair |  10.0 |  10.0 |   0.7 |   0.0 |   0.2 | 792.2
        Shoals |   4.9 |   4.9 |   0.3 |   0.2 |   0.0 | 780.5
     Snake Pit |   5.1 |   5.1 |   0.4 |   0.2 |   0.2 | 818.8
    Slime Pits |   1.8 |   1.8 |   0.1 |   0.0 |   0.0 | 188.0
  Orcish Mines |   3.3 |   3.3 |   0.7 |   0.0 |   0.5 | 530.5
   Elven Halls |   4.6 |   4.6 |   0.5 |   0.1 |   0.2 | 970.0
        Vaults |   9.4 |   9.4 |   0.4 |   0.0 |   0.3 | 1194.0
         Crypt |   1.3 |   1.3 |   0.6 |   0.0 |   0.0 | 266.3
          Tomb |   1.9 |   1.9 |   0.7 |   1.5 |   0.0 | 399.7
        Depths |   8.6 |   8.5 |   0.7 |   0.0 |   0.1 | 1088.4
          Hell |   1.2 |   1.2 |   1.3 |   0.0 |   0.0 | 788.0
           Dis |   1.9 |   1.9 |   0.0 |   0.2 |   0.0 | 173.0
       Gehenna |   1.3 |   1.3 |   0.0 |   0.0 |   0.0 | 120.9
       Cocytus |   1.3 |   1.3 |   0.0 |   0.2 |   0.0 | 117.1
      Tartarus |   2.0 |   2.0 |   0.0 |   0.3 |   0.0 | 180.9
           Zot |   6.1 |   6.1 |   0.6 |   0.0 |   0.0 | 777.6
         Abyss |   2.3 |   2.3 |   0.0 |   0.0 |   0.0 | 370.2
   Pandemonium |  11.4 |  11.4 |   0.0 |   0.2 |   0.0 | 169.1
      Ziggurat |   1.4 |   1.4 |   0.0 |   0.0 |   0.0 |  80.8
     Labyrinth |   1.2 |   1.2 |   0.0 |   0.0 |   0.0 | 796.0
        Bazaar |   0.2 |   0.2 |   0.0 |   0.0 |   0.0 | 112.0
         Trove |   0.1 |   0.1 |   0.0 |   0.0 |   0.0 |  58.0
      Ice Cave |   0.6 |   0.6 |   0.0 |   0.0 |   0.0 | 356.0
       Volcano |   0.4 |   0.4 |   0.0 |   0.0 |   0.0 | 229.0
        Wizlab |   0.9 |   0.9 |   0.0 |   0.0 |   0.0 | 559.0
               +-------+-------+-------+-------+-------+----------------------

Table legend:
 A = Kills in this place as a percentage of kills in entire the game.
 B = Kills by you in this place as a percentage of kills by you in the entire game.
 C = Kills by friends in this place as a percentage of kills by friends in the entire game.
 D = Other kills in this place as a percentage of other kills in the entire game.
 E = Experience gained in this place as a percentage of experience gained in the entire game.
 F = Experience gained in this place divided by the number of levels of this place that you have seen.
                   A       B       C       D       E      F
               +-------+-------+-------+-------+-------+----------------------
         Total | 100.0 | 100.0 | 100.0 | 100.0 | 100.0 | 14273.6
       Dungeon |  11.0 |  20.4 |   3.1 |  25.0 |   2.5 | 3710.0
          Lair |   5.4 |  11.7 |   0.1 |   0.0 |   3.1 | 8713.9
        Shoals |   3.9 |   2.2 |   5.4 |   0.0 |   2.8 | 16048.5
     Snake Pit |   4.5 |   1.3 |   7.2 |   0.0 |   3.3 | 18464.0
    Slime Pits |   2.6 |   2.0 |   3.0 |   0.0 |   2.4 | 9230.3
  Orcish Mines |   4.0 |   8.9 |   0.0 |   0.0 |   0.7 | 3909.8
   Elven Halls |   4.0 |   3.8 |   4.1 |   0.0 |   3.9 | 29509.3
        Vaults |  12.0 |   7.8 |  15.6 |   0.0 |  10.7 | 48363.2
         Crypt |   1.9 |   1.6 |   2.1 |   0.0 |   2.4 | 18118.7
          Tomb |   2.8 |   2.4 |   3.2 |   0.0 |   3.6 | 27276.3
        Depths |   9.3 |   6.7 |  11.5 |  25.0 |  11.4 | 51837.0
          Hell |   2.3 |   1.8 |   2.7 |  50.0 |   2.3 | 51907.0
           Dis |   3.1 |   2.5 |   3.5 |   0.0 |   3.9 | 12609.7
       Gehenna |   2.7 |   1.9 |   3.3 |   0.0 |   3.1 | 9944.7
       Cocytus |   2.6 |   1.4 |   3.6 |   0.0 |   2.9 | 9425.0
      Tartarus |   3.6 |   3.1 |   4.1 |   0.0 |   4.1 | 13292.6
           Zot |   5.7 |   3.6 |   7.4 |   0.0 |  13.6 | 61778.8
         Abyss |   2.2 |   2.3 |   2.0 |   0.0 |   2.2 | 12379.5
   Pandemonium |  12.0 |  10.0 |  13.6 |   0.0 |  18.3 | 9684.9
      Ziggurat |   2.6 |   2.2 |   3.0 |   0.0 |   1.7 | 3471.0
     Labyrinth |   0.0 |   0.0 |   0.0 |   0.0 |   0.0 | 1131.0
      Ice Cave |   0.4 |   1.0 |   0.0 |   0.0 |   0.3 | 6101.0
       Volcano |   0.3 |   0.6 |   0.0 |   0.0 |   0.2 | 4770.0
        Wizlab |   1.2 |   0.7 |   1.6 |   0.0 |   0.7 | 15502.0
               +-------+-------+-------+-------+-------+----------------------

Vault maps used:
D:1:      dpeg_arrival_signposts
D:2:      grunt_temple_overflow_order_and_chaos_2, tso_altar
D:3:      fedhas_altar_fruit_tree, yredelemnul_altar_generic, first_bread,
          uniq_grinder
D:4:      uniq_robin
D:5:      trog_wizard
D:6:      minmay_temple_entry_statues_pillars, uniq_menkaure, uniq_blork_the_orc
D:7:      serial_shops, shop, nicolae_shop_waterfront,
          grunt_ashenzari_visionary, uniq_joseph
D:8:      amethyst_overflow_temple_binary, lair_0_dummy, grunt_ogre_cave
D:9:      serial_shops, nicolae_shop_window_shopping, shop, kennysheep_mini
D:10:     serial_shops, shop_fountains
D:11:     zombieorc1_lemuel, serial_shops, shop
D:12:     hangedman_abyss_or_decor_stagger
D:13:     erik_vaults_1, serial_shops, shop, uniq_urug
D:14:     serial_shops, nicolae_shop_stone, serial_co_window_serial,
          co_window_paths_a, co_window_paths_b, co_window_corner_a,
          co_window_paths_a, co_window_paths_b, co_window_paths_b,
          co_window_cross_4, co_window_paths_c, co_window_corner_cb,
          co_window_corner_ca, co_window_cross_3, co_window_corner_b,
          glass_columns_a, glass_columns_a, minmay_misc_feat_rugged,
          uniq_roxanne, uniq_azrael
D:15:     grunt_enter_depths_hoard, nicolae_two_hexagons, enter_trove_0,
          evilmike_minifort, uniq_agnes
Temple:   circular_temple_12
Lair:2:   lab_entry_generic
Lair:3:   cheibrodos_magma_flow, shoals_dummy_entry,
          guppyfry_snake_entry_island, cheibrodos_lair_caveside_slide,
          serial_bayou_shore_b, infiniplex_staircase_pool_2,
          serial_bayou_shore_a
Lair:4:   serial_bayou_crossing, uniq_maud
Lair:5:   nicolae_volcano_entry_lava_flow, st_stairs_9,
          nicolae_lair_grove_arrangements, minivault_26, wad_woods_03,
          uniq_kirke
Lair:6:   minmay_slime_entry_pillars, uniq_nessos
Lair:8:   grunt_lair_end_beastmaster
Shoals:1: nicolae_alphabet_shops
Shoals:2: serial_shops, shop
Shoals:4: shoals_end_simple, shoals_ilsuiw_alternative, uniq_polyphemus
Snake:1:  serial_bayou_shore_b, uniq_aizul
Snake:2:  serial_shops, statue_bzr, nicolae_shop_behind_doors, shop, shop
Snake:3:  cheibrodos_snake_ritualist_ritual, hangedman_corner_corridor,
          lemuel_fruit_tree
Snake:4:  grunt_snake_rune_pools, basic_altar, hangedman_snake_wide_pillar_pass,
          uniq_vashnia
Slime:5:  nicolae_slime_welcoming_committee
Orc:1:    portal_ice_cave_entry_ice_beasts
Orc:2:    basic_altar, amalloy_card_club
Orc:3:    serial_shops, shop, basic_altar, nicolae_orc_pool_cavern, uniq_donald,
          uniq_erolcha
Orc:4:    grunt_orc_gardens, grunt_orc_garden, grunt_orc_garden,
          grunt_orc_garden, grunt_orc_garden
Elf:1:    eino_elf_arrival_shootout, minmay_elf_necromancy, hex_large,
          hangedman_elf_targetted_burst
Elf:2:    serial_glass, glass_columns_c, glass_columns_a, uniq_louise,
          uniq_jorgrun, uniq_asterion
Elf:3:    minmay_elf_hall_circle, minivault_14
Vaults:1: nicolae_vaults_circle_grid_b, grunt_vaults_hallway_long,
          vaults_mumra_minichess, vaults_room_semicircle, kb_rosetta,
          hangedman_vaults_nodes, v_misc_32, dpeg_vaults_monster_row,
          v_alt_pattern_2, nicolae_vaults_yaktaur_gun_rack
Vaults:2: nicolae_vaults_diagonal_hallway_8, hangedman_vaults_maws,
          nicolae_vaults_theta, nicolae_vaults_quartermaster,
          nicolae_vaults_border_crossing, grunt_vaults_diagonal,
          dpeg_vaults_monster_box, v_misc_12, ontoclasm_vaults_tryst,
          hangedman_vaults_pinch, vaults_dpeg_cross, vaults_room_ringed_pool,
          v_pattern_1, v_misc_14, vaults_dpeg_encased_lava, serial_shops,
          nicolae_shop_waterfront
Vaults:3: vaults_standard_mumra_lines, hangedman_vaults_impose,
          vaults_room_pool, hangedman_vaults_trim,
          nicolae_vaults_little_squares_1, ontoclasm_vaults_shuriken,
          ontoclasm_vaults_ligature, hangedman_vaults_nails,
          vaults_room_door_ring, hangedman_vaults_locks,
          minmay_crypt_entry_simple_box
Vaults:4: vaults_room_pool, vaults_room_glass_cross, vaults_room_grid,
          v_alt_pattern_3, v_rooms_3, nicolae_vaults_rhombus_6,
          vaults_room_grunt_arrival_checkpoint, vaults_room_stairs_pillars,
          nicolae_vaults_circle_grid_a, vaults_room_semicircle, uniq_mennas
Crypt:1:  minmay_misc_feat_rows, serial_sigils_hangedman_shear
Crypt:2:  basic_altar, basic_stair_grate_trap
Crypt:3:  lightli_unholy_cathedral,
          nicolae_tomb_entry_unfolded_pyramid_diagonal,
          serial_sigils_hangedman_snap, nicolae_crypt_ancient_font
Depths:1: serial_glass, glass_columns_a, glass_columns_a, glass_columns_a,
          glass_columns_a, grunt_hell_entry_dis_grunt,
          kennysheep_generic_room_14
Depths:2: minmay_fractal_lines_corner, nicolae_abyss_entry_one_way_or_another,
          hell_entry, hangedman_decor_peaks_small,
          infiniplex_enter_wizlab_water, grunt_megastairs_2,
          infiniplex_staircase_door_maze, serial_bayou_shore_b, uniq_wiglaf,
          uniq_saint_roka
Depths:3: minmay_crescents, enter_ziggurat_c, rand_demon_pan_entry_5,
          hell_entry, grunt_decor_cap, serial_column_ruins, column_ruins_hut,
          column_ruins_columns_straight, column_ruins_columns_corner,
          column_ruins_corridor_straight, column_ruins_grid_1,
          column_ruins_corridor_plus, column_ruins_open_tiny,
          column_ruins_columns_corner, minmay_misc_feat_more_columns,
          uniq_frederick
Depths:4: evilmike_negative_zone, roderic_lattice_octagonal_star,
          marbit_kobold_abyss_entry, special_room, hell_entry, minivault_1,
          kennysheep_treasure_room, minmay_staircase_statues, uniq_boris
Depths:5: grunt_zot_entry_bicorn, serial_glass, glass_columns_a,
          glass_columns_a, glass_columns_a, glass_columns_b, grunt_metal_band,
          serial_bayou_shore_b, grunt_megastairs_4
Dis:1:    hangedman_dis_decor_tower, nicolae_dis_hell_towers
Dis:2:    nicolae_dis_iron_filings, hangedman_player_shredder
Dis:5:    lightli_tower_of_babel, hangedman_dis_decor_blocks_talon
Dis:6:    grunt_megastairs_3
Dis:7:    iron_city_of_dis
Geh:3:    nicolae_geh_sunburst
Geh:7:    geh_mu
Coc:7:    coc_old
Tar:1:    nicolae_tar_cuneiform_oil
Tar:4:    hangedman_damned_closets, nicolae_tar_cuneiform_sun
Tar:7:    tar_old
Zot:2:    hangedman_zot_decor_slant
Zot:3:    lemuel_halls_of_wrath
Zot:4:    nicolae_moth_party
Abyss:1:  due_exit_kobolds, hangedman_summoners_spam
Abyss:3:  nicolae_abyss_rune_containment_breach
Pan:      nicolae_pan_diamonds, rand_demon_8, grunt_pan_sceptre,
          evilmike_holy_pan, evilmike_mini_pan_thingy, pan_blood_fountain_small,
          grunt_pan_zigzag, evilmike_mini_pan_layers,
          nicolae_pan_cerebovesque_1, nicolae_pan_glass_arcs,
          pan_blood_fountain, nicolae_pan_mnolegish_3, grunt_pan_sceptre,
          rand_demon_1, grunt_pan_frozen_over, cerebov_grunt, grunt_pan_spiral,
          pan_blood_fountain_2, nicolae_pan_mnolegish_2, nicolae_pan_sigil_eeng,
          grunt_pan_zigzag, lemuel_draining_boxes, nicolae_pan_lom_lobonic_4,
          evilmike_mini_pan_pillars, grunt_pan_sceptre, enter_ziggurat_pan_b,
          lemuel_hellion_island, evilmike_mini_pan_pillars, rand_demon_2,
          pan_blood_fountain_small, pan_blood_fountain, nicolae_pan_sigil_itan,
          nicolae_pan_mnolegish_2, evilmike_mini_pan_layers,
          pan_blood_fountain_small, nicolae_pan_cerebovesque_4,
          grunt_pan_sceptre, pan_blood_fountain, rand_demon_7,
          grunt_pan_sceptre, pan_blood_fountain_small, reaverb_pan_chaos_star,
          evilmike_mini_pan_layers, nicolae_pan_lom_lobonic_4, pan_surprise,
          evilmike_mini_pan_pillars, pan_blood_fountain_small,
          nicolae_pan_gloorx_vloqian_2, nicolae_pan_sigil_obb, rand_demon_8,
          evilmike_gloorx_vloq_box, nicolae_pan_sigil_nadil, rand_demon_4,
          pan_blood_fountain_small, lom_lobon_spiral_st, nicolae_pan_sigil_itan,
          rand_demon_1, pan_blood_fountain, nicolae_pan_sigil_uleosi,
          nicolae_pan_sick_transit, nicolae_pan_cerebovesque_3, rand_demon_1,
          uniq_lom_lobon, nicolae_pan_diamonds, nicolae_pan_sigil_itan,
          lemuel_hall_of_pain, uniq_lom_lobon, pan_blood_fountain,
          evilmike_mini_pan_pillars, uniq_lom_lobon, pan_blood_fountain_2,
          nicolae_pan_cerebovesque_3, rand_demon_9, rand_demon_1,
          pan_blood_fountain_small, grunt_pan_zigzag, nicolae_pan_mnolegish_1,
          evilmike_mini_pan_pillars_b, nicolae_pan_strange_glyphs,
          nicolae_pan_lom_lobonic_4, nicolae_pan_sigil_obb, rand_demon_7,
          pan_blood_fountain_small, nicolae_pan_giant_door,
          pan_blood_fountain_2, pan_blood_fountain, evilmike_mini_pan_pillars,
          mnoleg_st, uniq_lom_lobon, nicolae_pan_gloorx_vloqian_3
Zig:9:    ziggurat_loot_1
Lab:      labyrinth_spiral, nicolae_lab_quarters
Bazaar:   dpeg_bazaar_wands
Trove:    trove_weapons_four_rooms
IceCv:    ice_cave_small_dragons
Volcano:  volcano_grotto
WizLab:   wizlab_cigotuvi
